 Dungeon Crawl Stone Soup version 0.25-a0-857-g60a0bcd8b5 (webtiles) character file.

Game seed: 4451895020371989304, levelgen mode: deterministic

981225 Lavandula the Eclecticist (level 27, -12/156 HPs)
             Began as a Vine Stalker Chaos Knight on Apr 25, 2020.
             Was a Favourite Plaything of Xom.
             Killed from afar by a deep elf high priest (15 damage)
             ... with damnation
             ... on level 21 of a ziggurat on Apr 26, 2020.
             The game lasted 06:06:13 (52534 turns).

Lavandula the Eclecticist (VSCK)                   Turns: 52534, Time: 06:06:13

Health: -12/156    AC: 50    Str: 17      XL:     27
Magic:  0/48       EV: 29    Int: 22 (23) God:    Xom [......]
Gold:   3012       SH: 20    Dex: 21 (22) Spells: 1/66 levels left

rFire    + . .     SeeInvis .   e - +8 demon blade "Leech" {vamp, *Rage +Rage rN+}
rCold    + + .     Gourm    .   V - +2 shield of Resistance {rF+ rC+ MR+}
rNeg     + + +     Faith    .   t - +31 Cigotuvi's embrace {rRot *Drain rN+}
rPois    +         Spirit   +   m - +5 helmet "Yggo" {rPois rN+ Regen+}
rElec    +         Reflect  .   K - scarf {repulsion}
rCorr    .         Harm     .   (no gloves)
MR       +++++     Rnd*Rage +   v - +3 pair of boots of Xont {*Drain rPois Int+7}
Stlth    ++++++....             U - amulet of the acrobat
HPRegen  1.56/turn              P - ring of the Mage {Wiz MR++ Int+3}
MPRegen  0.31/turn              C - +6 ring of evasion

@: cleaving, berserk cooldown, very slightly contaminated, slowed, repel
missiles, very slow
A: fangs 3, hooves 1, large bone plates 1, rugged brown scales 1, slimy green
scales 1, blink, blurry vision 1, cold resistance 1, deterioration 1, dopey 1,
mutation resistance 1, regeneration 2, screaming 2, shaggy fur 1, electricity
resistance, magic shield, antimagic bite, no potion heal 3, rot immunity
}: 12/15 runes: decaying, slimy, silver, iron, icy, abyssal, demonic, glowing,
magical, fiery, dark, gossamer
a: Blink, Renounce Religion, Evoke Berserk Rage


You were on level 21 of a ziggurat.
You worshipped Xom.
You were a very special plaything of Xom.
You were hungry.

You visited 14 branches of the dungeon, and saw 71 of its levels.
You visited Pandemonium 3 times, and saw 15 of its levels.
You visited the Abyss 3 times.
You visited 1 ziggurat, and saw 21 of its levels.
You also visited: Trove and Wizlab.

You collected 8700 gold pieces.
You spent 5688 gold pieces at shops.

Inventory:

Hand Weapons
 a - a +8 scimitar of electrocution
 c - the +3 sling "Punk" {acid, rCorr, c}
   (You found it on level 4 of the Dungeon)

   It provides partial protection from all sources of acid and corrosion.
 e - the +8 demon blade "Leech" (weapon) {vamp, *Rage +Rage rN+}
   (You took it off a skeletal warrior on level 3 of the Crypt)

   It inflicts no extra harm, but heals its wielder when it wounds a living foe.
   It protects you from negative energy.
   It lets you go berserk.
   It may make you go berserk in combat.
 h - a +9 scimitar of holy wrath
 W - the +9 staff of Wucad Mu {channel}
   (You found it in a wizard's laboratory)
Missiles
 d - 196 sling bullets
 y - 2 throwing nets
 J - 11 curare-tipped darts (quivered)
Armour
 m - the +5 helmet "Yggo" (worn) {rPois rN+ Regen+}
   (You found it in a treasure trove)

   It protects you from poison.
   It protects you from negative energy.
   It increases your rate of regeneration.
 t - the +31 Cigotuvi's embrace (worn) {rRot *Drain rN+}
   (You bought it in a shop on level 1 of the Vaults)

   It protects you from negative energy.
   It causes draining when unequipped.
 u - the +3 crown of Dyrovepreva {rElec Int+2 SInv}
   (You found it on level 15 of a ziggurat)

   It affects your intelligence (+2).
   It insulates you from electricity.
   It lets you see invisible.
 v - the +3 pair of boots of Xont (worn) {*Drain rPois Int+7}
   (You found it in a treasure trove)

   It affects your intelligence (+7).
   It protects you from poison.
   It causes draining when unequipped.
 B - a scarf of cloud immunity
 K - a scarf of repulsion (worn)
 N - the +2 helmet "Riatavvue" {rN++ MR+ rCorr Str+4 Int-5}
   (You found it in a treasure trove)

   It affects your strength (+4).
   It affects your intelligence (-5).
   It greatly protects you from negative energy.
   It affects your resistance to hostile enchantments.
   It provides partial protection from all sources of acid and corrosion.
 V - the +2 shield of Resistance (worn) {rF+ rC+ MR+}
   (You found it in a treasure trove)

   It protects you from fire.
   It protects you from cold.
   It affects your resistance to hostile enchantments.
 X - the +3 scale mail of Divine Compulsion {rPois Str-4 Dex-3 SInv}
   (You found it on level 3 of the Depths)

   It affects your strength (-4).
   It affects your dexterity (-3).
   It protects you from poison.
   It lets you see invisible.
 Y - +8 fire dragon scales
Jewellery
 w - the ring "Homuud" {rC++ Dex+4 SInv}
   (You found it on level 13 of a ziggurat)

   [ring of see invisible]

   It affects your dexterity (+4).
   It greatly protects you from cold.
   It lets you see invisible.
 z - an uncursed ring of resist corrosion
 C - a +6 ring of evasion (right hand)
 E - the ring of the Hare {rElec rF- rC+++ AC+5 SInv}
   (You took it off a deep elf death mage on level 3 of the Elven Halls)

   [ring of protection]

   It affects your AC (+5).
   It makes you vulnerable to fire.
   It renders you almost immune to cold.
   It insulates you from electricity.
   It lets you see invisible.
 F - the ring "Zann" {rF+ EV+3 Int-2 Stlth+}
   (You found it on level 16 of a ziggurat)

   [ring of evasion]

   It affects your evasion (+3).
   It affects your intelligence (-2).
   It protects you from fire.
   It makes you more stealthy.
 P - the ring of the Mage (left hand) {Wiz MR++ Int+3}
   (You found it on level 7 of Cocytus)

   [ring of wizardry]

   It improves your spell success rate.
   It affects your intelligence (+3).
   It affects your resistance to hostile enchantments.
 U - an amulet of the acrobat (around neck)
Wands
 b - a wand of acid (29)
 f - a wand of paralysis (65)
 k - a wand of clouds (4)
 D - a wand of digging (26)
Scrolls
 g - 2 scrolls of fear
 i - 9 scrolls of magic mapping
 o - 22 scrolls of teleportation
 p - 9 scrolls of blinking
 s - 13 scrolls of fog
 x - 3 scrolls of immolation
 I - 26 scrolls of remove curse
 M - 2 scrolls of identify
 Z - 2 scrolls of enchant weapon
Potions
 j - 14 potions of stabbing
 n - 3 potions of resistance
 q - 2 potions of invisibility
 r - 13 potions of mutation
 A - 19 potions of curing
 H - 13 potions of brilliance
 L - a potion of cancellation
 Q - 6 potions of magic
 S - 4 potions of ambrosia
 T - 11 potions of haste
Miscellaneous
 G - 11 boxes of beasts
 O - 10 phantom mirrors
 R - the horn of Geryon
Comestibles
 l - 37 rations


   Skills:
 - Level 18.2 Fighting
   Level 3.2(9.8) Short Blades
 - Level 13.8(14.0) Long Blades
 - Level 14.0 Slings
 - Level 9.8 Armour
 - Level 12.8 Dodging
 - Level 15.6 Stealth
 - Level 15.0 Shields
 - Level 20.2 Spellcasting
 - Level 15.7 Conjurations
 - Level 16.0 Summonings
 - Level 17.2 Translocations
 + Level 18.5 Ice Magic
 - Level 10.1 Earth Magic
 - Level 4.1 Evocations


You had one spell level left.
You knew the following spells:

 Your Spells              Type           Power        Failure   Level  Hunger
a - Blink                 Tloc           N/A          0%          2    None
b - Controlled Blink      Tloc           N/A          6%          8    ######.
c - Shroud of Golubria    Chrm/Tloc      ######       1%          2    None
d - Absolute Zero         Ice            #######...   43%         9    #######
e - Ozocubu's Armour      Chrm/Ice       ######..     1%          3    None
f - Summon Butterflies    Summ           #######.     0%          1    None
g - Apportation           Tloc           ######       0%          1    None
h - Passage of Golubria   Tloc           N/A          0%          4    None
j - Spellforged Servitor  Conj/Summ      #######...   1%          7    #####..
k - Lehudib's Crystal Sp  Conj/Erth      ######....   30%         8    ######.
l - Malign Gateway        Summ/Tloc      #######...   1%          7    #####..
m - Irradiate             Conj/Tmut      ######....   1%          5    None
n - Summon Horrible Thin  Summ           #######...   9%          8    ######.

Your spell library contained the following spells:

 Spells                   Type           Power        Failure   Level  Hunger
 Freeze                   Ice            ####         0%          1    None
 Magic Dart               Conj           ####         0%          1    None
 Summon Small Mammal      Summ           ####         0%          1    None
 Animate Skeleton         Necr           N/A          1%          1    None
 Corona                   Hex            ###....      1%          1    None
 Foxfire                  Conj/Fire      ####         1%          1    None
 Infusion                 Chrm           ###.         1%          1    None
 Sandblast                Erth           ######       1%          1    None
 Shock                    Conj/Air       ####         1%          1    None
 Call Imp                 Summ           #######.     0%          2    None
 Searing Ray              Conj           ######       0%          2    None
 Call Canine Familiar     Summ           #######.     0%          3    None
 Frozen Ramparts          Ice            ######       0%          3    None
 Gell's Gravitas          Tloc           #######...   0%          3    None
 Lesser Beckoning         Tloc           #######...   0%          3    None
 Recall                   Summ/Tloc      N/A          0%          3    None
 Teleport Other           Tloc           #######.     0%          3    None
 Hailstorm                Conj/Ice       #######.     0%          4    None
 Summon Ice Beast         Ice/Summ       #######.     0%          4    None
 Corpse Rot               Necr/Air       N/A          1%          2    None
 Ensorcelled Hibernation  Hex/Ice        ######       1%          2    None
 Passwall                 Tmut/Erth      #####...     1%          2    None
 Poisonous Vapours        Pois/Air       ###...       1%          2    None
 Slow                     Hex            ###.....     1%          2    None
 Song of Slaying          Chrm           ###.....     1%          2    None
 Sticks to Snakes         Tmut           ###.....     1%          2    None
 Sublimation of Blood     Necr           ###.......   1%          2    None
 Swiftness                Chrm/Air       ###.....     1%          2    None
 Conjure Flame            Conj/Fire      ######..     1%          3    None
 Dazzling Flash           Conj/Hex       ######       1%          3    None
 Mephitic Cloud           Conj/Pois/Air  #####...     1%          3    None
 Portal Projectile        Hex/Tloc       ######       1%          3    None
 Static Discharge         Conj/Air       ######..     1%          3    None
 Stone Arrow              Conj/Erth      ######       1%          3    None
 Summon Guardian Golem    Hex/Summ       ######..     1%          3    None
 Fulminant Prism          Conj/Hex       ######....   1%          4    None
 Ice Form                 Ice/Tmut       ######..     1%          4    None
 Iskenderun's Mystic Bla  Conj/Tloc      #######.     1%          4    None
 Leda's Liquefaction      Hex/Erth       #####.....   1%          4    None
 Petrify                  Tmut/Erth      #####...     1%          4    None
 Sticky Flame             Conj/Fire      ######..     1%          4    None
 Summon Lightning Spire   Summ/Air       ######..     1%          4    None
 Aura of Abjuration       Summ           #######...   1%          5    None
 Bolt of Magma            Conj/Fire/Erth ######....   1%          5    None
 Fireball                 Conj/Fire      ######....   1%          5    None
 Iskenderun's Battlesphe  Conj/Chrm      ######..     1%          5    None
 Lee's Rapid Deconstruct  Erth           ######....   1%          5    None
 Lightning Bolt           Conj/Air       ######....   1%          5    None
 Metabolic Englaciation   Hex/Ice        ######....   1%          5    None
 Summon Demon             Summ           #######...   1%          5    None
 Summon Forest            Summ/Tloc      #######...   1%          5    None
 Summon Mana Viper        Hex/Summ       ######..     1%          5    None
 Dispersal                Tloc           #######...   1%          6    ###....
 Freezing Cloud           Conj/Ice/Air   ######....   1%          6    ###....
 Iron Shot                Conj/Erth      ######....   1%          6    ###....
 Ozocubu's Refrigeration  Ice            #######...   1%          6    ###....
 Shadow Creatures         Summ           N/A          1%          6    ###....
 Monstrous Menagerie      Summ           #######...   1%          7    #####..
 Orb of Destruction       Conj           #######...   1%          7    #####..
 Summon Greater Demon     Summ           #######...   1%          7    #####..
 Summon Hydra             Summ           #######...   1%          7    #####..
 Confusing Touch          Hex            ###.....     3%          3    None
 Ignite Poison            Fire/Tmut/Pois ###.....     3%          3    None
 Inner Flame              Hex/Fire       ###.....     3%          3    None
 Spectral Weapon          Hex/Chrm       ###.....     3%          3    None
 Tukima's Dance           Hex            ###.....     3%          3    None
 Borgnjor's Vile Clutch   Necr/Erth      #####.....   3%          5    None
 Simulacrum               Ice/Necr       ######....   3%          6    ###....
 Starburst                Conj/Fire      ######....   6%          6    ###....
 Disjunction              Tloc           #######...   6%          8    ######.
 Airstrike                Air            ###.......   10%         4    None
 Animate Dead             Necr           N/A          10%         4    None
 Cause Fear               Hex            ###.......   10%         4    None
 Dispel Undead            Necr           ###.....     10%         4    None
 Statue Form              Tmut/Erth      #####....    19%         6    ###....
 Agony                    Necr           ###.....     26%         5    None
 Alistair's Intoxication  Tmut/Pois      ###.....     26%         5    None
 Blade Hands              Tmut           ###.......   26%         5    None
 Excruciating Wounds      Chrm/Necr      ###.......   26%         5    None
 Silence                  Hex/Air        ###.......   26%         5    None
 Yara's Violent Unravell  Hex/Tmut       ###.......   26%         5    None
 Darkness                 Hex            ###.......   80%         6    ###....
 Death Channel            Necr           ###.......   80%         6    ###....
 Eringya's Noxious Bog    Tmut/Pois      ###.......   80%         6    ###....
 Hydra Form               Tmut           ###.......   80%         6    ###....
 Invisibility             Hex            ###.....     80%         6    ###....
 Chain Lightning          Conj/Air       ######....   91%         8    ######.
 Ring of Flames           Chrm/Fire      ###.......   100%        7    #####..
 Discord                  Hex            ###.......   100%        8    ######.
 Ignition                 Fire           ###.......   100%        8    ######.
 Fire Storm               Conj/Fire      ######....   100%        9    #######
 Shatter                  Erth           ######....   100%        9    #######
 Tornado                  Air            ###.......   100%        9    #######


Dungeon Overview and Level Annotations

Branches:
Dungeon (15/15)            Temple (0/1) D:4            Lair (6/6) D:10
  Swamp (4/4) Lair:3       Spider (4/4) Lair:3        Slime (5/5) Lair:6
    Orc (2/2) D:11            Elf (3/3) Orc:2        Vaults (5/5) D:14
  Crypt (3/3) Vaults:3       Tomb (0/3) Crypt:3      Depths (5/5) D:15
   Hell (visited)             Dis (7/7) Hell            Geh (0/7) Hell
    Coc (7/7) Hell            Tar (4/7) Hell         WizLab (visited)
    Zot: Depths:5

Altars:
Cheibriados
Hepliaklqana
Kikubaaqudgha
Nemelex Xobeh
Okawaru
Qazlal
Ru
Sif Muna
Uskayaw
Vehumet
Wu Jian
Xom
Yredelemnul
The Shining One
Jiyva

Shops:
D:6 (   Orc:2 :?[(   Elf:3 [   Vaults:1 [(   Depths:3 :

Portals:
Hell: Depths:1* Depths:2 Depths:3 Depths:4
Abyss: Depths:2 Depths:3 Depths:4
Pandemonium: Depths:3

Annotations:
D:9 ice dragon
Lair:4 1 runed translucent door
Swamp:1 Nikola
Spider:1 1 exclusion
Spider:4 exclusion: 3 doors
Vaults:2 Ciovvoaj's ghost, veteran GnWz; Usulitso's ghost, veteran FoVM
Depths:1 exclusion: 3 doors
Dis:7 Dispater
Coc:7 exclusion: 2 ice statues


Innate Abilities, Weirdness & Mutations

You have razor-sharp teeth.
You heal very quickly.
When hurt, damage is shared between your health and your magic reserves.
Your bite disrupts and absorbs the magic of your enemies.
Potions cannot restore your health.
You are immune to rotting.
You have large cloven feet.
You are partially covered in large bone plates. (SH +4)
You are partially covered in rugged brown scales. (AC +1, +3% HP)
You are partially covered in slimy green scales. (AC +2)
You can translocate small distances at will.
Scrolls take you a little longer to read.
Your flesh is cold resistant. (rC+)
Your body sometimes deteriorates upon taking damage.
You are dopey. (Int -2)
You are somewhat resistant to further mutation.
You sometimes yell uncontrollably at your foes.
You are covered in fur. (AC +1)
You are resistant to electric shocks. (rElec)


Message History

The deep elf mage mumbles some strange words.
The deep elf mage blinks!
You hear a deafening roar!
You begin reading the scroll.
You continue reading the scroll.
The deep elf mage seems less brilliant.
The earth elemental disappears in a puff of smoke!
The neqoxec gestures at you.
You feel dopey. Something feeds on your intellect!
Your eldritch tentacle slaps the earth elemental but does no damage.
Your eldritch tentacle claws the earth elemental!!
Your eldritch tentacle shocks the earth elemental.
The earth elemental completely resists.
The deep elf archer unwields a +0 dagger.
The deep elf archer wields a +0 longbow.
The deep elf archer shoots an arrow.
You block the arrow.
The deep elf high priest calls down the wrath of its god upon you.
The sphere of damnation explodes!
The damnation engulfs you!
You die...
Xom cackles wildly!

▓▓e)..........
▓▓)ee3eee).......
▓)§§(*Ee.).......
▓▓))Ee)..)..e....
▓▓3EEE)..e......
▓▓E.w§§........
▓▓.§*....e....
▓▓.e.........
▓▓..@.e.....
▓▓.........
▓▓........
▓▓▓▓▓▓▓▓▓


You could see a deep elf annihilator, 5 deep elf archers, 2 deep elf high
priests, 6 earth elementals, 4 deep elf magi, a sixfirhy, a neqoxec, a
battlesphere and a friendly eldritch tentacle.

Vanquished Creatures
  the Royal Jelly (Slime:5)
  the Serpent of Hell (Coc:7)
  3 ancient liches
  3 juggernauts
  2 pandemonium lords
  Sojobo (Depths:3)
  Saint Roka (Depths:1)
  Xtahua (Crypt:3)
  4 shard shrikes (Coc:7)
  A caustic shrike (Zig:20)
  The ghost of Isedumueph the Tortoise, a veteran HuFi of Hepliaklqana (Vaults:2)
  5 golden dragons
  2 bone dragons
  A Tzitzimitl (Zig:9)
  A profane servitor (Crypt:3)
  A doom hound (Tar:4)
  An iron giant (Dis:7)
  Arachne (Spider:4)
  2 hellephants (Zig:17)
  A lich (Vaults:1)
  4 tentacled monstrosities
  5 Ice Fiends
  2 Hell Sentinels (Dis:7)
  11 titans
  Rupert (Lair:4)
  3 quicksilver dragons
  6 deep elf master archers (Zig:21)
  28 acid blobs
  4 deep elf blademasters
  An eldritch tentacle (Zig:3)
  2 Executioners
  A kraken (Abyss:4)
  16 ancient champions
  5 shadow dragons
  11 tengu reavers
  10 storm dragons
  A tentacled starspawn (Abyss:4)
  Kirke (Lair:6)
  A thorn hunter (Swamp:4)
  3 warmongers
  3 nagarajas (Zig:14)
  12 azure jellies
  3 daevas (Pan)
  Roxanne (Elf:1)
  9 frost giants
  3 revenants
  An orc warlord (Vaults:4)
  8 deep elf sorcerers
  A blood saint (Pan)
  13 fire giants
  Louise (Elf:2)
  11 iron dragons
  7 ghost moths
  10 cacodemons
  13 vault wardens
  A draconian knight (Zig:1)
  A corrupter (Pan)
  4 balrugs
  A caustic shrike zombie (Zig:19)
  3 deep elf elementalists (Elf:3)
  6 angels (Pan)
  A curse skull (Zig:12)
  18 ironheart preservers
  5 emperor scorpions
  A spriggan defender (Depths:4)
  8 apis (Pan)
  The ghost of Ziunt the Unseen, an adept SpFi of Uskayaw (Spider:1)
  A draconian annihilator (Pan)
  9 reapers
  20 stone giants
  7 ophanim (Pan)
  A caustic shrike skeleton (Zig:16)
  9 very ugly things
  An entropy weaver (shapeshifter) (Vaults:5)
  5 war gargoyles
  7 entropy weavers
  11 vampire knights
  12 deep elf annihilators
  2 dire elephants (Zig:17)
  10 deep elf demonologists
  7 spark wasps
  An eidolon (Crypt:2)
  3 green deaths
  8 ettins
  9 blizzard demons
  A crystal guardian (Vaults:3)
  12 deep elf death magi
  A mummy priest (Crypt:3)
  Snorg (D:14)
  7 jiangshi
  19 yaktaur captains
  2 quicksilver dragon zombies
  7 deep elf high priests
  10 great orbs of eyes
  14 fire dragons
  5 death oozes
  9 rakshasas
  Harold (D:8)
  3 spriggan air magi
  29 vault guards
  2 quicksilver dragon skeletons
  33 hydras
  2 ghost crabs
  A shambling mangrove (Swamp:4)
  4 centaur warriors
  A hell beast (Hell)
  12 ice dragons
  A death knight (D:13)
  11 ogre magi
  4 catoblepae
  32 two-headed ogres
  27 dancing weapons
  4 alligators
  4 deep troll shamans
  A queen ant (Lair:5)
  A two-headed ogre (shapeshifter) (D:15)
  6 death yaks
  4 tengu warriors
  2 hell hogs
  6 vampire magi
  3 naga sharpshooters (Zig:14)
  5 deep troll earth magi
  4 orc high priests
  3 thrashing horrors
  9 spriggan berserkers
  A spectral emperor scorpion (Spider:1)
  3 soul eaters
  Nergalle (D:11)
  17 hell knights
  A shock serpent (Zig:14)
  28 deep elf knights
  7 sun demons
  4 sixfirhies (Pan)
  2 iron trolls
  11 skeletal warriors
  4 fire crabs
  A storm dragon skeleton (Coc:7)
  5 shadow wraiths
  5 cherubim (Pan)
  2 naga ritualists (Zig:14)
  A spatial maelstrom (Abyss:1)
  A wretched star (Abyss:4)
  5 flayed ghosts
  A golden dragon zombie (Crypt:3)
  2 torturous demonspawn (Pan)
  2 unseen horrors
  2 infernal demonspawn (Pan)
  A swamp dragon (shapeshifter) (Vaults:5)
  2 gelid demonspawn (Pan)
  3 anaconda zombies
  7 glowing orange brains
  4 shadow demons
  A ghost moth zombie (Crypt:3)
  12 deep elf archers
  A spriggan druid (Swamp:3)
  A death drake (shapeshifter) (Vaults:5)
  14 deep trolls
  5 wizards
  9 swamp dragons
  13 large abominations
  3 wolf spider zombies
  3 harpies (Vaults:4)
  8 orc knights
  3 tengu zombies
  2 lindwurms
  3 obsidian statues
  2 shadow dragon zombies
  5 phantasmal warriors
  16 ironbrand convokers
  2 harpies (shapeshifter)
  An anaconda skeleton (Dis:1)
  4 orange crystal statues
  A spectral wolf spider (Spider:1)
  48 ugly things
  27 wolf spiders
  8 necromancers
  23 orb spiders
  5 orc sorcerers
  2 shadow dragon skeletons
  A manticore (shapeshifter) (Vaults:2)
  A frost giant skeleton (Depths:1)
  A manticore (D:14)
  A sphinx skeleton (Zig:16)
  63 deep elf magi
  2 cyclopes
  A fire giant zombie (Hell)
  A stone giant skeleton (Depths:1)
  6 shining eyes
  6 moths of wrath
  5 elephants (Lair:1)
  4 centaur zombies
  2 naga magi (Zig:14)
  8 rust devils
  15 vault sentinels
  2 human skeletons
  10 smoke demons
  Joseph (D:10)
  An elephant (shapeshifter) (Vaults:2)
  A dire elephant zombie (Tar:2)
  21 spiny frogs
  A shock serpent zombie (Dis:7)
  5 orange demons
  9 black mambas
  3 molten gargoyles
  A gargoyle (D:13)
  A guardian serpent (shapeshifter) (Vaults:4)
  2 spiny frogs (shapeshifter)
  4 eyes of devastation
  An emperor scorpion zombie (Dis:7)
  7 torpor snails
  Maggie (D:7)
  3 ice statues
  A purple draconian zombie (Crypt:1)
  A dire elephant skeleton (Crypt:3)
  A grey draconian zombie (Crypt:2)
  A yaktaur zombie (Depths:1)
  6 hellions
  3 kobold demonologists
  Psyche (D:10)
  3 rime drakes
  4 efreet
  26 ice devils
  32 freezing wraiths
  33 yaktaurs
  3 anaconda simulacra
  13 komodo dragons
  13 tormentors
  14 demonic crawlers
  6 red devils (Pan)
  6 hydra zombies
  3 guardian mummies (Crypt:3)
  4 hellwings (Pan)
  A queen bee (shapeshifter) (Depths:4)
  5 tyrant leeches
  3 meliai (D:14)
  4 trolls
  3 tengu conjurers
  A minotaur skeleton (Coc:7)
  6 polar bears
  A wolf spider simulacrum (Spider:1)
  6 wind drakes (Pan)
  33 jumping spiders
  2 meliai (shapeshifter) (D:15)
  18 hornets
  A blink frog (shapeshifter) (Vaults:2)
  2 harpy skeletons
  A spectral tarantella (Spider:1)
  A wind drake (shapeshifter) (Vaults:5)
  10 hippogriffs
  2 spectral jumping spiders (Spider:1)
  A blink frog (Zig:17)
  An iron dragon simulacrum (Crypt:3)
  9 bog bodies
  2 ice dragon zombies
  A slime creature (shapeshifter) (D:9)
  127 slime creatures
  A fire dragon zombie (Dis:1)
  3 alligator zombies
  11 dream sheep (Lair:5)
  16 flying skulls
  45 tarantellas
  4 spriggans
  A fire dragon skeleton (Crypt:1)
  82 redbacks
  A spriggan (shapeshifter) (Vaults:5)
  An air elemental (Elf:2)
  A black mamba zombie (Dis:7)
  13 wraiths
  5 elf zombies
  An ice dragon skeleton (Dis:7)
  2 ynoxinuls (Pan)
  12 water elementals
  3 fire bats
  3 shadows
  4 vampires
  A yak (shapeshifter) (Depths:4)
  5 wyverns
  3 hogs (Lair:6)
  53 yaks
  An ettin skeleton (Vaults:4)
  A hog (shapeshifter) (Zig:13)
  3 hungry ghosts
  6 fire elementals
  A golden eye (shapeshifter) (Depths:2)
  14 golden eyes
  6 basilisks
  A human (Lair:5)
  2 humans (shapeshifter)
  5 neqoxecs
  A steam dragon (Lair:6)
  2 chaos spawn (Pan)
  23 vampire mosquitoes
  5 wargs
  A warg (shapeshifter) (Depths:4)
  A wind drake skeleton (Crypt:3)
  A deep troll zombie (Crypt:2)
  A redback simulacrum (Spider:1)
  A swamp worm (shapeshifter) (Spider:2)
  11 insubstantial wisps
  6 spatial vortices
  9 swamp worms
  A naga (Zig:14)
  24 soldier ants
  14 water moccasins
  2 spiny frog zombies (Coc:7)
  3 hydra simulacra
  Duvessa (D:7)
  2 acid dragons
  28 hell hounds
  2 porcupines
  2 floating eyes
  A deep troll skeleton (Crypt:3)
  7 black bears
  7 ice beasts
  A hornet zombie (D:12)
  2 tarantella simulacra (Spider:1)
  15 eyes of draining
  An eye of draining (shapeshifter) (Zig:13)
  A gelid demonspawn skeleton (Crypt:3)
  5 sky beasts
  37 orc warriors
  An alligator simulacrum (Hell)
  31 ogres
  8 swamp drakes
  4 necrophages
  4 phantoms
  9 centaurs
  A blink frog skeleton (Crypt:1)
  15 boggarts
  A torpor snail zombie (Crypt:1)
  21 crocodiles
  A hog skeleton (Crypt:2)
  A big kobold (D:14)
  An ogre simulacrum (Vaults:1)
  2 elf skeletons
  12 bullfrogs
  A salamander zombie (Crypt:2)
  3 earth elementals
  2 wyvern zombies
  Dowan (D:7)
  A warg zombie (Crypt:3)
  A troll zombie (D:11)
  3 scorpions
  11 wights
  15 killer bees
  2 electric eels
  4 howler monkeys
  7 crimson imps
  4 lava snakes (Lair:6)
  A human simulacrum (Vaults:2)
  4 bullfrog skeletons
  A jelly (shapeshifter) (Depths:3)
  3 hounds
  9 human zombies
  7 jellies
  3 centaur skeletons
  24 orc priests
  29 orc wizards
  8 iron imps
  5 iguanas
  A demonspawn skeleton (Crypt:2)
  26 worker ants
  A small abomination (Abyss:4)
  An acid dragon zombie (Crypt:3)
  A naga zombie (Crypt:3)
  A demigod zombie (Crypt:1)
  A hound zombie (D:5)
  A hound skeleton (D:5)
  9 mummies
  Robin (D:3)
  A howler monkey zombie (D:11)
  3 gnolls (D:5)
  10 adders
  3 shadow imps
  8 white imps
  An ufetubus (Abyss:4)
  2 oozes
  An adder skeleton (D:6)
  2 worms
  2 dart slugs
  A leopard gecko (D:9)
  95 orcs
  2 ball pythons
  7 giant cockroaches
  16 goblins
  8 hobgoblins
  11 kobolds
  5 quokkas
  7 bats
  3 frilled lizards
  A gnoll skeleton (Crypt:2)
  A kobold simulacrum (Crypt:3)
  2 quokka skeletons
  A quokka zombie (Crypt:1)
  9 rats
  A crawling corpse (Zig:21)
  2 fungi (Lair:5)
  A starspawn tentacle (Abyss:4)
  4 tentacles (Abyss:4)
  A toadstool (D:1)
2717 creatures vanquished.

Vanquished Creatures (collateral kills)
  Antaeus (Coc:7)
  A seraph (Pan)
  Mara (Elf:3)
  6 shard shrikes (Coc:7)
  A shard shrike (shapeshifter) (Coc:7)
  Geryon (Hell)
  A bone dragon (Coc:7)
  2 iron giants
  A hellephant (Hell)
  2 Tzitzimimeh (Hell)
  8 Ice Fiends
  2 Hell Sentinels (Dis:7)
  3 deep elf blademasters (Zig:21)
  2 tentacled monstrosities
  2 liches
  4 acid blobs
  3 eldritch tentacles
  3 sphinxes
  4 ancient champions
  2 Executioners
  A shadow dragon (Depths:4)
  2 storm dragons
  A tengu reaver (Vaults:1)
  4 azure jellies
  3 revenants
  2 frost giants
  2 nagarajas (Zig:14)
  6 daevas (Pan)
  A deep elf elementalist (Elf:3)
  An emperor scorpion (Zig:8)
  7 balrugs
  2 ironheart preservers
  2 iron dragons
  2 angels (Pan)
  2 draconian annihilators (Pan)
  2 caustic shrike zombies
  5 cacodemons
  13 reapers
  3 very ugly things
  2 war gargoyles (Hell)
  2 blood saints
  An elemental wellspring (Coc:7)
  A juggernaut skeleton (Zig:16)
  2 stone giants
  3 ophanim (Pan)
  2 apis (Pan)
  2 deep elf demonologists (Zig:21)
  6 vampire knights
  4 dire elephants
  A spark wasp (Zig:8)
  A deep elf annihilator (Elf:3)
  An ettin (Depths:4)
  2 eidola (Zig:12)
  3 deep elf death magi
  A green death (Dis:7)
  9 blizzard demons
  3 ogre magi
  A fire dragon (Zig:15)
  A death ooze (Zig:18)
  3 great orbs of eyes
  A quicksilver dragon zombie (Coc:7)
  A naga warrior (Zig:14)
  4 hell beasts
  2 yaktaur captains (Zig:13)
  8 hydras
  A ghost crab (Zig:7)
  2 catoblepae
  4 ice dragons
  A spriggan air mage (Pan)
  A centaur warrior (D:13)
  2 anacondas (Zig:14)
  2 dancing weapons (Zig:21)
  A death yak (Zig:20)
  A two-headed ogre (Vaults:2)
  A deep troll shaman (Vaults:1)
  A vampire mage (Zig:12)
  A tengu warrior (D:14)
  3 hell hogs (Dis:7)
  2 shock serpents (Zig:14)
  2 soul eaters
  3 naga sharpshooters (Zig:14)
  2 storm dragon zombies
  A spriggan berserker (Depths:4)
  Sonja (D:10)
  4 sun demons
  2 hell knights
  2 deep elf knights
  An iron golem (Dis:1)
  A storm dragon skeleton (Coc:7)
  22 skeletal warriors
  4 iron trolls
  7 cherubim (Pan)
  3 fire crabs (Zig:15)
  3 sixfirhies
  A wizard (Pan)
  An anaconda zombie (Coc:7)
  A glowing orange brain (Zig:18)
  An anaconda skeleton (Hell)
  A deep elf archer (Zig:21)
  3 ironbrand convokers (Zig:13)
  3 orange crystal statues
  4 phantasmal warriors
  An obsidian statue (Zig:1)
  4 wolf spiders
  An orc knight (Vaults:2)
  A harpy (Zig:13)
  2 orb spiders (Zig:8)
  2 nameless horrors
  2 necromancers (Depths:4)
  An orb spider (shapeshifter) (Zig:13)
  A deep elf mage (Zig:21)
  2 frost giant zombies (Dis:1)
  A shadow dragon skeleton (Zig:16)
  2 stone giant zombies
  6 shining eyes
  2 cyclopes (shapeshifter)
  An iron dragon zombie (Dis:7)
  A faun (shapeshifter) (Zig:13)
  A fire giant zombie (Dis:7)
  A mana viper (shapeshifter) (Zig:13)
  A cyclops (Vaults:1)
  A salamander (Zig:8)
  3 elephants
  A sphinx skeleton (Zig:16)
  An eye of devastation (Zig:18)
  An iron dragon skeleton (Zig:16)
  A torpor snail (Zig:17)
  4 rust devils
  A smoke demon (Pan)
  A vault sentinel (Zig:13)
  An eye of devastation (shapeshifter) (Zig:13)
  A stone giant skeleton (Tar:3)
  4 spiny frogs
  2 water nymphs (Zig:4)
  14 black mambas
  2 orange demons
  An elf skeleton (Zig:16)
  An elf zombie (Zig:16)
  A catoblepas zombie (Dis:7)
  16 freezing wraiths
  A yaktaur (Vaults:1)
  A hellwing (Zig:9)
  14 ice devils
  3 hellions
  A komodo dragon (Zig:17)
  2 efreet (Zig:15)
  6 tormentors
  A demonic crawler (Spider:4)
  A guardian mummy (Zig:2)
  A merfolk (Zig:4)
  A polar bear (Zig:20)
  4 red devils
  3 hydra zombies (Coc:7)
  4 blink frogs
  A wind drake (Pan)
  22 slime creatures
  A snapping turtle (Zig:4)
  2 ice dragon zombies
  2 jumping spiders
  A deep troll zombie (Hell)
  An ettin zombie (Hell)
  2 alligator zombies
  An alligator skeleton (Coc:7)
  3 hippogriffs
  An ice dragon skeleton (Coc:7)
  3 large abominations (Pan)
  8 flying skulls
  2 tarantellas
  4 redbacks
  6 water elementals
  4 fire elementals
  11 yaks
  4 wraiths
  2 golden eyes
  A basilisk (Zig:20)
  2 hungry ghosts
  7 neqoxecs (Pan)
  4 chaos spawn
  A swamp worm (Zig:4)
  A naga (Zig:14)
  2 human zombies
  A hydra simulacrum (Coc:5)
  A soldier ant (Lair:5)
  2 spiny frog zombies
  3 water moccasins
  A tengu zombie (Hell)
  6 hell hounds
  2 orc warriors (Zig:3)
  A floating eye (Pan)
  2 necrophages
  An alligator simulacrum (Hell)
  3 ice beasts (Zig:16)
  5 ogres
  A phantom (Dis:1)
  9 eyes of draining
  A centaur (Zig:4)
  A wolf (Zig:20)
  2 snapping turtle skeletons
  4 crocodiles (Zig:20)
  A wyvern zombie (D:10)
  A spiny frog simulacrum (Hell)
  10 wights
  A crimson imp (D:11)
  2 orc priests
  A human skeleton (Coc:7)
  6 iron imps
  6 mummies
  A shadow imp (Tar:2)
  12 white imps
  A ball lightning (Pan)
  An orc (D:11)
  A goblin (D:11)
  2 kobolds (D:14)
  A rat (D:14)
  2 starspawn tentacles (Abyss:4)
601 creatures vanquished.

Vanquished Creatures (others)
  A caustic shrike (Zig:17)
  2 titans (Pan)
  2 deep elf master archers (Elf:3)
  113 eldritch tentacles
  A shadow dragon (Vaults:5)
  A ghost moth (Zig:8)
  A vault warden (Vaults:5)
  An elemental wellspring (Coc:7)
  A very ugly thing (Vaults:5)
  2 stone giants (Vaults:5)
  A blood saint (Zig:9)
  A spark wasp (Spider:4)
  2 dire elephants (Zig:20)
  A green death (Pan)
  A yaktaur captain (Vaults:5)
  A vault guard (Vaults:4)
  2 hydras
  2 dancing weapons
  A deep elf knight (Elf:2)
  A soul eater (Zig:7)
  2 skeletal warriors
  A wizard (Pan)
  A shadow demon (Tar:3)
  A glowing orange brain (Pan)
  3 deep trolls
  A spriggan druid (Zig:20)
  4 deep elf archers
  2 deep elf magi (Elf:2)
  A wolf spider (Spider:4)
  A worldbinder (Abyss:4)
  A vault sentinel (Vaults:4)
  An eye of devastation (Zig:18)
  A spiny frog (Swamp:3)
  A rime drake (shapeshifter) (Vaults:3)
  6 yaktaurs
  A rime drake (Zig:20)
  An efreet (Zig:15)
  A hellwing (Pan)
  5 wind drakes (Pan)
  A jumping spider (Spider:2)
  A slime creature (Depths:3)
  2 raiju (Abyss:4)
  A hornet (Zig:13)
  A shadow (Tar:3)
  2 flying skulls (Coc:5)
  A wraith (D:13)
  4 water elementals
  2 yaks (D:12)
  A chaos spawn (Coc:7)
  2 humans (Lair:6)
  A golden eye (Slime:3)
  2 vampire mosquitoes (Swamp:3)
  A neqoxec (Abyss:4)
  A porcupine (shapeshifter) (Vaults:5)
  A water moccasin (Zig:20)
  2 hell hounds
  A boggart (Depths:3)
  A wight (Dis:1)
  An orc wizard (Orc:1)
  An iron imp (Dis:7)
  7 ball lightnings (Pan)
  An orc (Vaults:4)
  2 blocks of ice (Pan)
  3 briar patches (Swamp:4)
  A crawling corpse (Zig:21)
  17 fungi
  A lurking horror (Abyss:4)
  22 plants
  4 spectral weapons
  9 starspawn tentacles (Abyss:4)
  3 tentacles (Abyss:4)
  3 toadstools (D:1)
276 creatures vanquished.

Grand Total: 3594 creatures vanquished

Notes
Turn   | Place    | Note
-------+----------+-------------------------------------------
     0 | D:1      | Lavandula the Vine Stalker Chaos Knight began the quest for
                  | the Orb.
     0 | D:1      | Reached XP level 1. HP: 11/11 MP: 2/2
   203 | D:2      | Reached XP level 2. HP: 14/16 MP: 1/3
   320 | D:2      | XOM: silly message
   334 | D:1      | XOM: potion effect (stabbing)
   400 | D:1      | Reached XP level 3. HP: 19/19 MP: 4/4
   629 | D:2      | Gained mutation: Your natural rate of healing is unusually
                  | fast. [Vine Stalker growth]
   629 | D:2      | Reached XP level 4. HP: 8/23 MP: 1/5
   746 | D:2      | Noticed an ice beast
   747 | D:2      | XOM: enchant monster (good)
   752 | D:2      | Killed an ice beast
   752 | D:2      | Reached skill level 5 in Long Blades
   752 | D:2      | Reached XP level 5. HP: 27/27 MP: 6/6
   865 | D:3      | Noticed Robin
   897 | D:3      | Killed Robin
  1027 | D:3      | XOM: give mutations
  1027 | D:3      | Gained mutation: You expend magic power (3 MP) to
                  | strengthen your wands. [Xom's grace]
  1027 | D:3      | Gained mutation: Your movements are slightly less
                  | encumbered by armour. (ER -2) [Xom's grace]
  1027 | D:3      | Gained mutation: You passively map a small area around you.
                  | [Xom's grace]
  1027 | D:3      | Gained mutation: Your mind is acute. (Int +2) [Xom's grace]
  1042 | D:3      | XOM: god gift: 6 stones
  1094 | D:3      | Reached XP level 6. HP: 27/32 MP: 3/7
  1279 | D:4      | XOM: confuse monster(s)
  1430 | D:4      | Reached XP level 7. HP: 35/35 MP: 8/8
  1430 | D:4      | XOM: cloud trail
  1536 | D:4      | XOM: give mutations
  1536 | D:4      | Gained mutation: Your muscles are strong. (Str +2) [Xom's
                  | grace]
  1536 | D:4      | Gained mutation: Your mind is very acute. (Int +4) [Xom's
                  | grace]
  1555 | D:4      | Found the +3 sling "Punk" {acid, rCorr}
  1735 | D:4      | Found an ornate altar of the Wu Jian Council.
  1735 | D:4      | Found a sacrificial altar of Ru.
  1864 | D:4      | Found a staircase to the Ecumenical Temple.
  1970 | D:5      | Entered Level 5 of the Dungeon
  2062 | D:5      | XOM: give mutations
  2062 | D:5      | Gained mutation: You evolve. [Xom's grace]
  2062 | D:5      | Gained mutation: You are partially covered in large bone
                  | plates. (SH +4) [Xom's grace]
  2227 | D:5      | Reached skill level 1 in Dodging
  2266 | D:5      | Found a stormy altar of Qazlal.
  2466 | D:5      | XOM: 2-stop teleportation journey
  2480 | D:5      | XOM: summons 2 friendly demons
  2498 | D:5      | Got a shimmering ring mail
  2509 | D:5      | Identified the +4 ring mail of Zuskuinoi {rC- rCorr Int+8}
                  | (You found it on level 5 of the Dungeon)
  2525 | D:5      | Found a sparkling altar of Nemelex Xobeh.
  2557 | D:5      | XOM: smoke on damage
  2558 | D:5      | XOM: butterfly on damage
  2600 | D:5      | Gained mutation: You have razor-sharp teeth. [Vine Stalker
                  | growth]
  2600 | D:5      | Reached XP level 8. HP: 40/40 MP: 9/9
  2675 | D:6      | Noticed Edmund
  2680 | D:6      | XOM: summons friendly shadow imp
  2686 | D:6      | Noticed Edmund
  2686 | D:6      | Edmund changed into Edmund the killer bee
  2686 | D:6      | XOM: polymorph Edmund -> Edmund the killer bee
  2695 | D:6      | Found Ycoenu's Antique Weapon Emporium.
  2695 | D:6      | XOM: 4-stop teleportation journey
  2752 | D:6      | Reached skill level 1 in Slings
  2753 | D:6      | XOM: potion effect (haste)
  2762 | D:6      | Got a wavering iron ring
  2772 | D:6      | XOM: scenery: create altars
  3016 | D:6      | XOM: confuse monster(s)
  3061 | D:6      | Reached skill level 5 in Slings
  3231 | D:7      | Identified the ring "Duiwuuw" {+Blink rN+ EV+3 Str-2 Dex+7}
                  | (You found it on level 6 of the Dungeon)
  3249 | D:7      | You fall into a shaft and drop 3 floors!
  3249 | D:10     | Entered Level 10 of the Dungeon
  3260 | D:10     | Learned a level 2 spell: Blink
  3264 | D:10     | Learned a level 3 spell: Mephitic Cloud
  3283 | D:10     | Reached XP level 9. HP: 44/44 MP: 10/10
  3393 | D:10     | Lost mutation: You evolve. [evolution]
  3416 | D:10     | Noticed Joseph
  3423 | D:10     | XOM: scenery: create altars
  3428 | D:10     | XOM: enchant monster (good)
  3432 | D:10     | Killed Joseph
  3570 | D:9      | XOM: 3-stop teleportation journey
  3795 | D:9      | Noticed a troll
  3798 | D:9      | Killed a troll
  3865 | D:9      | Noticed a glowing shapeshifter
  3865 | D:9      | a yak changed into a glowing shapeshifter
  3865 | D:9      | XOM: polymorph yak -> glowing shapeshifter
  3865 | D:9      | Noticed a faun
  3865 | D:9      | a glowing shapeshifter changed into a faun
  3866 | D:9      | Noticed a fire dragon
  3866 | D:9      | a faun changed into a fire dragon
  3867 | D:9      | Noticed an ice dragon
  3867 | D:9      | a fire dragon changed into an ice dragon
  3872 | D:9      | XOM: potion effect (haste)
  3883 | D:9      | XOM: fake destruction
  3982 | D:10     | Noticed Sonja
  4042 | D:10     | Noticed Psyche
  4048 | D:10     | XOM: cast spell 'Summon Dragon'
  4050 | D:10     | Killed Psyche
  4050 | D:10     | Reached XP level 10. HP: 49/49 MP: 11/11
  4056 | D:10     | Reached skill level 10 in Slings
  4094 | D:10     | Found a staircase to the Lair.
  4181 | D:10     | Killed Sonja
  4281 | D:10     | Got a blackened leather armour
  4292 | D:10     | Identified the cursed +0 leather armour "Sihemece" {+Inv
                  | rF- rCorr Int+8} (You found it on level 10 of the Dungeon)
  4461 | D:8      | Identified a scroll of acquirement
  4479 | D:8      | XOM: give mutation
  4479 | D:8      | Gained mutation: You are resistant to hostile enchantments.
                  | (MR+) [Xom's grace]
  4563 | D:8      | Found a snail-covered altar of Cheibriados.
  4597 | D:8      | Noticed a two-headed ogre
  4598 | D:8      | XOM: noise
  4602 | D:8      | XOM: confuse monster(s)
  4612 | D:8      | Killed a two-headed ogre
  4811 | D:7      | XOM: summons friendly quasit
  4854 | D:7      | Noticed Duvessa
  4858 | D:7      | Noticed Dowan
  4862 | D:7      | Killed Duvessa
  4869 | D:7      | Reached XP level 11. HP: 52/52 MP: 12/12
  4874 | D:7      | Killed Dowan
  4909 | D:7      | Noticed Maggie
  4924 | D:7      | Killed Maggie
  5023 | D:7      | XOM: scenery: create altars
  5148 | D:6      | Killed Edmund the killer bee
  5183 | D:8      | Noticed Harold
  5204 | D:8      | Killed Harold
  5218 | D:8      | Found a glowing golden altar of the Shining One.
  5218 | D:8      | XOM: summons 1 hostile shadow creature
  5457 | D:8      | Found a glowing golden altar of the Shining One.
  5459 | D:8      | Found a radiant altar of Vehumet.
  5459 | D:8      | Found a snail-covered altar of Cheibriados.
  5461 | D:8      | Found a shimmering altar of Xom.
  5461 | D:8      | Found a hide-covered altar of Uskayaw.
  5461 | D:8      | Found a hazy altar of Hepliaklqana.
  5537 | D:9      | Noticed a lindwurm
  5537 | D:9      | a yak changed into a lindwurm
  5537 | D:9      | XOM: polymorph yak -> lindwurm
  5545 | D:9      | XOM: confusion (+ monsters)
  5556 | D:9      | XOM: cleaving
  5559 | D:9      | Killed a lindwurm
  5566 | D:9      | XOM: smoke on damage
  5574 | D:9      | XOM: divination: detect items
  5581 | D:9      | XOM: divine lightning
  5949 | D:9      | Noticed a catoblepas
  5950 | D:9      | Noticed an entropy weaver
  5950 | D:9      | a catoblepas changed into an entropy weaver
  5953 | D:9      | Noticed an ettin
  5953 | D:9      | an entropy weaver changed into an ettin
  5957 | D:9      | Noticed an ice dragon
  5957 | D:9      | an ettin changed into an ice dragon
  5958 | D:9      | XOM: confuse monster(s)
  5960 | D:9      | XOM: summons friendly shadow imp
  5964 | D:9      | an ice dragon changed into a slime creature
  6187 | Lair:1   | Entered Level 1 of the Lair of Beasts
  6194 | Lair:1   | Got a bronze ring mail
  6205 | Lair:1   | Identified the cursed +0 ring mail "Ukoguj" {rElec MP+9
                  | Stlth+} (You found it on level 1 of the Lair of Beasts)
  6306 | Lair:1   | XOM: summons 5 friendly demons
  6321 | Lair:1   | XOM: noise
  6342 | Lair:1   | XOM: enchant monster (bad)
  6347 | Lair:1   | XOM: confusion (+ monsters)
  6601 | Lair:1   | XOM: noise
  6649 | Lair:1   | XOM: smoke on damage
  6703 | Lair:1   | Reached skill level 5 in Dodging
  6797 | Lair:1   | XOM: enchant monster (good)
  6798 | Lair:1   | XOM: enchant monster (bad)
  6799 | Lair:1   | Gained mutation: You heal very quickly. [Vine Stalker
                  | growth]
  6799 | Lair:1   | Reached XP level 12. HP: 51/56 MP: 13/13
  6800 | Lair:1   | XOM: polymorph yak -> eye of draining
  6828 | Lair:1   | XOM: blink monster(s)
  6851 | Lair:1   | XOM: divination: magic mapping
  7154 | Lair:1   | XOM: silly message
  7182 | Lair:2   | XOM: stealth player
  7340 | Lair:2   | Noticed a seven-headed hydra
  7345 | Lair:2   | Killed a seven-headed hydra
  7463 | Lair:3   | XOM: noise
  7466 | Lair:3   | Upgraded the game from 0.25-a0-842-g81a31cfd23 to
                  | 0.25-a0-843-g6944ee31a2
  7524 | Lair:3   | Noticed a four-headed hydra
  7528 | Lair:3   | XOM: noise
  7529 | Lair:3   | XOM: divination: magic mapping
  7532 | Lair:3   | Noticed an eight-headed hydra
  7565 | Lair:4   | Noticed Rupert
  7575 | Lair:4   | Killed Rupert
  7586 | Lair:4   | XOM: noise
  7785 | Lair:4   | Found a runed translucent door.
  7824 | Lair:5   | XOM: cleaving
  7878 | Lair:5   | XOM: god gift: wand of acid (7)
  7931 | Lair:5   | XOM: confuse monster(s)
  7960 | Lair:5   | XOM: god gift: 52 gold pieces
  7998 | Lair:5   | Noticed an entropy weaver
  8005 | Lair:5   | Reached skill level 10 in Dodging
  8022 | Lair:5   | XOM: scenery: 1 doors open
  8023 | Lair:5   | XOM: scenery: 1 doors close
  8034 | Lair:5   | Killed an entropy weaver
  8034 | Lair:5   | Reached XP level 13. HP: 22/60 MP: 6/14
  8052 | Lair:5   | XOM: scenery: 1 doors open
  8054 | Lair:5   | XOM: polymorph soldier ant -> human
  8063 | Lair:5   | XOM: summons friendly shadow imp
  8073 | Lair:5   | XOM: cleaving
  8085 | Lair:5   | XOM: cast spell 'Disjunction'
  8116 | Lair:5   | XOM: god gift: 26 stones
  8121 | Lair:5   | XOM: confuse monster(s)
  8149 | Lair:5   | Reached skill level 1 in Stealth
  8194 | Lair:5   | Noticed an entropy weaver
  8201 | Lair:5   | Killed an entropy weaver
  8204 | Lair:5   | XOM: potion effect (berserk rage)
  8256 | Lair:5   | Reached skill level 5 in Stealth
  8347 | Lair:5   | XOM: enchant monster (good)
  8431 | Lair:5   | XOM: blink monster(s)
  8465 | Lair:5   | XOM: stat loss: -1 Int (23/24)
  8467 | Lair:5   | XOM: cast spell 'Cause Fear'
  8556 | Lair:5   | XOM: destruction
  8557 | Lair:5   | XOM: noise
  8591 | Lair:5   | XOM: 1-stop teleportation journey
  8883 | Lair:5   | XOM: 1-stop teleportation journey
  8967 | Lair:6   | Entered Level 6 of the Lair of Beasts
  9004 | Lair:6   | Reached skill level 10 in Stealth
  9291 | Lair:6   | XOM: enchant monster (good)
  9293 | Lair:6   | XOM: summons friendly quasit
  9307 | Lair:6   | XOM: noise
  9314 | Lair:6   | XOM: polymorph steam dragon -> fire bat
  9324 | Lair:6   | Noticed Kirke
  9337 | Lair:6   | Killed Kirke
  9337 | Lair:6   | Reached XP level 14. HP: 65/65 MP: 15/15
  9378 | Lair:6   | XOM: enchant monster (bad)
  9471 | Lair:6   | XOM: silly message
  9541 | Lair:6   | Found a large runed translucent door.
  9541 | Lair:6   | Found a large runed translucent door.
  9605 | Lair:6   | XOM: summons 4 hostile shadow creatures
  9649 | Lair:6   | XOM: potion effect (stabbing)
  9657 | Lair:6   | XOM: summons 2 friendly demons
  9708 | Lair:6   | Found a viscous altar of Jiyva.
  9708 | Lair:6   | Found a staircase to the Slime Pits.
  9834 | Lair:6   | XOM: polymorph yak -> wind drake
  9841 | Lair:6   | XOM: polymorph wind drake -> floating eye
  9874 | Lair:6   | XOM: smoke on damage
 10083 | Lair:3   | XOM: polymorph crocodile -> water moccasin
 10152 | Lair:3   | Found a hole to the Spider Nest.
 10176 | Lair:3   | Reached skill level 15 in Stealth
 10316 | Lair:3   | XOM: enchant monster (bad)
 10446 | D:11     | XOM: enchant monster (good)
 10478 | D:11     | XOM: swap monsters
 10506 | D:11     | XOM: noise
 10561 | D:11     | Found a staircase to the Orcish Mines.
 10655 | D:11     | XOM: 1-stop teleportation journey
 10765 | D:11     | XOM: silly message
 10862 | D:11     | XOM: give mutations
 10862 | D:11     | Lost mutation: You expend magic power (3 MP) to strengthen
                  | your wands. [Xom's mischief]
 10862 | D:11     | Lost mutation: Your mind is very acute. (Int +4) [Xom's
                  | mischief]
 10870 | Orc:1    | Entered Level 1 of the Orcish Mines
 10926 | Orc:1    | Reached skill level 5 in Fighting
 10967 | Orc:1    | You fall into a shaft and drop 1 floor!
 10967 | Orc:2    | Entered Level 2 of the Orcish Mines
 11419 | Orc:2    | XOM: noise
 11573 | Orc:2    | Found Mushrin's Magic Scroll Shoppe.
 11577 | Orc:2    | Found Sefovax's Book Shoppe.
 11577 | Orc:2    | Found Fypyuf's Antique Armour Emporium.
 11581 | Orc:2    | Found Jujyer's Weapon Emporium.
 11589 | Orc:2    | Bought a scroll of teleportation for 33 gold pieces
 11589 | Orc:2    | Bought a scroll of teleportation for 33 gold pieces
 11589 | Orc:2    | Bought a scroll of fear for 38 gold pieces
 11591 | Orc:2    | Bought a tiger eye-encrusted plate armour for 868 gold
                  | pieces
 11601 | Orc:2    | Identified the cursed +0 plate armour "Maimaorch" {rElec
                  | MP+9} (You bought it in a shop on level 2 of the Orcish
                  | Mines)
 11776 | Orc:2    | Found a staircase to the Elven Halls.
 12046 | Orc:2    | Bought a book of Battle for 480 gold pieces
 12049 | Orc:2    | Learned a level 2 spell: Shroud of Golubria
 12177 | Lair:3   | XOM: god gift: 15 gold pieces
 12205 | Lair:3   | XOM: polymorph komodo dragon -> yaktaur
 12372 | D:11     | XOM: enchant monster (bad)
 12393 | D:11     | Noticed Nergalle
 12394 | D:11     | XOM: potion effect (invisibility)
 12403 | D:11     | Killed Nergalle
 12545 | D:11     | Found a basalt altar of Yredelemnul.
 12591 | D:11     | You fall into a shaft and drop 3 floors!
 12604 | D:14     | XOM: confusion (+ monsters)
 12609 | D:14     | XOM: polymorph kobold -> rat
 12610 | D:14     | XOM: noise
 12611 | D:14     | XOM: summons 6 friendly demons
 12622 | D:14     | Reached skill level 1 in Translocations
 12622 | D:14     | Reached XP level 15. HP: 76/76 MP: 14/16
 12623 | D:14     | XOM: polymorph white imp -> crimson imp
 12960 | D:11     | XOM: god gift: 2 potions of curing
 13084 | D:11     | Found a portal to a secret trove of treasure.
 13316 | D:12     | XOM: divine lightning
 13333 | D:12     | Reached skill level 5 in Translocations
 13347 | D:12     | XOM: summons friendly shadow imp
 13364 | D:12     | XOM: god gift: 24 sling bullets
 13467 | D:12     | Learned a level 3 spell: Frozen Ramparts
 13471 | D:12     | Learned a level 3 spell: Ozocubu's Armour
 13778 | D:12     | XOM: give mutations
 13778 | D:12     | Lost mutation: Your movements are slightly less encumbered
                  | by armour. (ER -2) [Xom's mischief]
 13778 | D:12     | Lost mutation: Your muscles are strong. (Str +2) [Xom's
                  | mischief]
 13778 | D:12     | Lost mutation: You are resistant to hostile enchantments.
                  | (MR+) [Xom's mischief]
 14005 | D:13     | Reached skill level 1 in Shields
 14077 | D:13     | XOM: blink monster(s)
 14085 | D:13     | XOM: enchant monster (good)
 14125 | D:14     | XOM: destruction
 14134 | D:13     | XOM: confuse monster(s)
 14157 | D:13     | XOM: divination: magic mapping
 14166 | D:13     | XOM: divine lightning
 14230 | D:14     | XOM: scenery: create altars
 14292 | D:14     | Noticed Snorg
 14301 | D:14     | XOM: enchant monster (good)
 14327 | D:14     | Killed Snorg
 14566 | D:14     | XOM: confuse monster(s)
 14730 | D:14     | XOM: give mutations
 14730 | D:14     | Gained mutation: You evolve. [Xom's grace]
 14730 | D:14     | Gained mutation: You expend magic power (3 MP) to
                  | strengthen your wands. [Xom's grace]
 14774 | D:14     | XOM: potion effect (invisibility)
 14779 | D:14     | Found a gate to the Vaults.
 14804 | D:15     | Entered Level 15 of the Dungeon
 14808 | D:15     | Got a faintly glowing ring mail
 14819 | D:15     | Identified the +5 ring mail of Old and Reckless {MR++} (You
                  | found it on level 15 of the Dungeon)
 14866 | D:15     | XOM: summons 3 hostile demons
 14899 | D:15     | XOM: enchant monster (bad)
 14904 | D:15     | Reached skill level 5 in Shields
 14959 | D:15     | XOM: god gift: scroll of fear
 15128 | D:15     | Found a staircase to the Depths.
 15406 | D:15     | XOM: give mutation
 15406 | D:15     | Lost mutation: Your mind is acute. (Int +2) [Xom's
                  | mischief]
 15705 | D:15     | XOM: confuse monster(s)
 15771 | D:15     | XOM: divination: magic mapping
 15883 | Depths:1 | Entered Level 1 of the Depths
 15888 | Depths:1 | XOM: blink monster(s)
 15891 | D:15     | XOM: summons friendly shadow imp
 15964 | D:13     | Identified the +2 flail "Poliqel" {pain, rPois rF- Int+6}
 16084 | Lair:3   | Lost mutation: You evolve. [evolution]
 16123 | Lair:3   | Found a staircase to the Swamp.
 16135 | Swamp:1  | Entered Level 1 of the Swamp
 16147 | Swamp:1  | Noticed Nikola
 16148 | Swamp:1  | XOM: 3-stop teleportation journey
 16472 | Swamp:1  | XOM: summons friendly quasit
 16544 | Swamp:2  | Reached XP level 16. HP: 80/80 MP: 17/17
 16641 | Swamp:2  | XOM: scenery: create altars
 16838 | Swamp:3  | XOM: confuse monster(s)
 16842 | Swamp:3  | XOM: destruction
 16906 | Swamp:4  | Entered Level 4 of the Swamp
 17173 | Swamp:4  | Reached skill level 10 in Shields
 17266 | Swamp:4  | XOM: god gift: wand of paralysis (9)
 17404 | Swamp:4  | XOM: enchant monster (good)
 17410 | Swamp:4  | XOM: 1-stop teleportation journey
 17566 | Swamp:4  | XOM: give mutations
 17566 | Swamp:4  | Gained mutation: Scrolls take you a little longer to read.
                  | [Xom's mischief]
 17566 | Swamp:4  | Gained mutation: You are somewhat resistant to further
                  | mutation. [Xom's mischief]
 17566 | Swamp:4  | Lost mutation: You expend magic power (3 MP) to strengthen
                  | your wands. [Xom's mischief]
 17570 | Swamp:4  | Noticed a storm dragon
 17570 | Swamp:4  | a four-headed hydra changed into a storm dragon
 17570 | Swamp:4  | XOM: polymorph four-headed hydra -> storm dragon
 17571 | Swamp:4  | fuck off
 17578 | Swamp:4  | XOM: polymorph swamp drake -> sky beast
 17585 | Swamp:4  | XOM: chaos cloud
 17586 | Swamp:4  | XOM: blink monster(s)
 17587 | Swamp:4  | XOM: give mutations
 17587 | Swamp:4  | Gained mutation: You occasionally shout uncontrollably at
                  | your foes. [Xom's mischief]
 17587 | Swamp:4  | Gained mutation: You are weak. (Str -2) [Xom's mischief]
 17592 | Swamp:4  | Killed a storm dragon
 17692 | Swamp:4  | XOM: blink monster(s)
 17697 | Swamp:4  | XOM: summons 7 hostile demons
 17720 | Swamp:4  | Identified the +6 whip of the Beginning {elec, rN+ MR+
                  | Int+4 Dex+3}
 17744 | Swamp:4  | XOM: torment (25/80 hp)
 17803 | Swamp:4  | XOM: 1-stop teleportation journey
 17815 | Swamp:4  | Noticed a thorn hunter
 17843 | Swamp:4  | XOM: enchant monster (bad)
 18021 | Swamp:4  | Got a decaying rune of Zot
 18049 | Swamp:4  | XOM: enchant monster (bad)
 18058 | Swamp:4  | XOM: blink monster(s)
 18128 | Swamp:4  | Killed a thorn hunter
 18677 | D:11     | XOM: cloud trail
 18682 | D:11     | XOM: divination: detect items
 18726 | Elf:1    | Entered Level 1 of the Elven Halls
 18774 | Elf:1    | Noticed Roxanne
 18796 | Elf:1    | Killed Roxanne
 19060 | Elf:1    | Reached XP level 17. HP: 84/84 MP: 18/18
 19142 | Elf:2    | XOM: divine lightning
 19153 | Elf:2    | XOM: scenery: 2 doors open
 19161 | Elf:2    | Reached skill level 5 in Armour
 19221 | Elf:2    | XOM: cleaving
 19408 | Elf:2    | Found a shimmering blue altar of Sif Muna.
 19420 | Elf:2    | Noticed Louise
 19436 | Elf:2    | Killed Louise
 19453 | Elf:2    | XOM: give mutations
 19453 | Elf:2    | Gained mutation: You are agile. (Dex +2) [Xom's grace]
 19453 | Elf:2    | Gained mutation: You have a somewhat thin skeletal
                  | structure. (Dex +2, Stealth) [Xom's grace]
 19453 | Elf:2    | Gained mutation: You possess an exceptional clarity of
                  | mind. [Xom's grace]
 19453 | Elf:2    | Lost mutation: You are weak. (Str -2) [Xom's grace]
 19483 | Elf:2    | Found a runed translucent gate.
 19483 | Elf:2    | Found a runed translucent gate.
 19484 | Elf:2    | Found a runed translucent gate.
 19643 | Elf:2    | XOM: summons friendly quasit
 19778 | Elf:2    | XOM: scenery: 7 doors close
 19925 | Elf:2    | XOM: give mutation
 19925 | Elf:2    | Gained mutation: You are partially covered in slimy green
                  | scales. (AC +2) [Xom's grace]
 19947 | Elf:2    | XOM: divination: detect creatures
 20012 | Elf:2    | XOM: 1-stop teleportation journey
 20045 | Elf:2    | XOM: give mutations
 20045 | Elf:2    | Lost mutation: You possess an exceptional clarity of mind.
                  | [Xom's mischief]
 20045 | Elf:2    | Gained mutation: Scrolls take you longer to read. [Xom's
                  | mischief]
 20048 | Elf:2    | XOM: potion effect (haste)
 20478 | Elf:3    | Entered Level 3 of the Elven Halls
 20600 | Elf:3    | XOM: cast spell 'Summon Ice Beast'
 20602 | Elf:3    | XOM: summons friendly ufetubus
 20653 | Elf:3    | XOM: silly message
 20666 | Elf:3    | XOM: silly message
 20725 | Elf:3    | XOM: destruction
 20864 | Elf:3    | XOM: confuse monster(s)
 20868 | Elf:3    | Noticed a deep elf master archer
 20869 | Elf:3    | Noticed a deep elf blademaster
 20887 | Elf:2    | XOM: cast spell 'Shadow Creatures'
 20889 | Elf:2    | Killed a deep elf blademaster
 20955 | Elf:3    | Found a radiant altar of Vehumet.
 20976 | Elf:3    | Reached XP level 18. HP: 91/91 MP: 19/19
 21097 | Elf:3    | Identified the +4 long sword of Tomorrow {pain, rN+ Dex+5
                  | SInv}
 21305 | Elf:3    | Identified the +10 glaive of Psychosis {vamp, +Inv rElec
                  | rC+++ Int-2}
 21312 | Elf:3    | Noticed a deep elf blademaster
 21316 | Elf:3    | Identified the ring "Toelik" {Ice rElec Str+5}
 21318 | Elf:3    | XOM: scenery: create altars
 21339 | Elf:3    | XOM: summons 2 friendly demons
 21350 | Elf:3    | XOM: summons 16 friendly demons
 21353 | Elf:3    | XOM: swap monsters
 21363 | Elf:3    | Killed a deep elf blademaster
 21364 | Elf:3    | XOM: summons 5 friendly demons
 21366 | Elf:3    | Reached skill level 10 in Long Blades
 21367 | Elf:3    | XOM: polymorph shadow imp -> ufetubus
 21460 | Elf:3    | Identified the +5 broad axe "Zabes Wemm" {flame, rPois rC+
                  | Stlth+}
 21462 | Elf:3    | Noticed an Ice Fiend
 21526 | Elf:3    | XOM: divination: detect items
 21588 | Elf:3    | XOM: potion effect (haste)
 21608 | Elf:3    | Noticed a deep elf master archer
 21633 | Elf:3    | Killed a deep elf master archer
 21652 | Elf:3    | Identified the Grimoire of Warped Enchantment
 21672 | Elf:3    | Identified the +3 quarterstaff of Vanity {speed, rN++ Int-2
                  | Dex+5}
 21677 | Elf:3    | XOM: potion effect (berserk rage)
 21719 | Elf:3    | XOM: enchant monster (bad)
 21721 | Elf:3    | Noticed an Ice Fiend
 21742 | Elf:3    | XOM: 3-stop teleportation journey
 21957 | Elf:3    | Found Osu Deemuinn's Antique Armour Boutique.
 21980 | Elf:3    | Noticed Mara
 21981 | Elf:3    | XOM: silly message
 22007 | Elf:3    | XOM: noise
 22010 | Elf:3    | Noticed Lavandula's illusion
 22017 | Elf:3    | Killed Mara
 22209 | Elf:3    | Killed a deep elf master archer
 22330 | Elf:3    | XOM: enchant monster (bad)
 22330 | Elf:3    | Identified the ring of the Hare {rElec rF- rC+++ AC+5 SInv}
 22335 | Elf:3    | XOM: enchant monster (bad)
 22468 | Elf:3    | Identified Sif Muna's Grimoire of Creation
 22469 | Elf:3    | XOM: give mutations
 22469 | Elf:3    | Lost mutation: Scrolls take you longer to read. [Xom's
                  | mischief]
 22469 | Elf:3    | Lost mutation: You occasionally shout uncontrollably at
                  | your foes. [Xom's mischief]
 22469 | Elf:3    | Gained mutation: You occasionally shout uncontrollably at
                  | your foes. [Xom's mischief]
 22814 | D:10     | XOM: cloud trail
 22936 | Spider:1 | Entered Level 1 of the Spider Nest
 22942 | Spider:1 | XOM: blink monster(s)
 22954 | Spider:1 | XOM: confuse monster(s)
 22956 | Spider:1 | XOM: scenery: create altars
 23080 | Spider:1 | XOM: destruction
 23098 | Spider:1 | XOM: summons 9 friendly demons
 23124 | Spider:1 | XOM: confuse monster(s)
 23148 | Spider:1 | XOM: divination: detect items
 23320 | Spider:1 | XOM: summons 15 friendly demons
 23355 | Spider:1 | Found a runed translucent gate.
 23355 | Spider:1 | Found a runed translucent gate.
 23355 | Spider:1 | Found a runed translucent gate.
 23355 | Spider:1 | Noticed Ziunt's ghost (adept SpFi)
 23382 | Spider:1 | XOM: fake destruction
 23388 | Spider:1 | XOM: blink monster(s)
 23397 | Spider:1 | Reached XP level 19. HP: 93/95 MP: 20/20
 23419 | Spider:1 | Killed Ziunt's ghost
 23447 | Spider:1 | XOM: blink monster(s)
 23549 | Spider:1 | XOM: confusion
 23552 | Spider:1 | XOM: polymorph demonic crawler -> hell hog
 23572 | Spider:1 | XOM: smoke on damage
 23869 | Spider:1 | XOM: give mutation
 23869 | Spider:1 | Gained mutation: Your flesh is heat resistant. (rF+) [Xom's
                  | mischief]
 24098 | Spider:2 | XOM: torment (55/95 hp)
 24304 | Spider:2 | XOM: torment (54/95 hp)
 24377 | Spider:2 | XOM: blink monster(s)
 24378 | Spider:2 | XOM: divination: detect creatures
 24399 | Spider:2 | XOM: polymorph redback -> glowing shapeshifter
 24945 | Spider:3 | XOM: potion effect (stabbing)
 25185 | Spider:3 | XOM: enchant monster (good)
 25364 | Spider:4 | Entered Level 4 of the Spider Nest
 25390 | Spider:4 | XOM: smoke on damage
 25984 | Spider:4 | XOM is BORED!
 25984 | Spider:4 | XOM: polymorph tarantella -> torpor snail
 26032 | Spider:4 | XOM: destruction
 26277 | Spider:4 | Reached skill level 15 in Shields
 26333 | Spider:4 | Reached skill level 1 in Evocations
 26372 | Spider:4 | Noticed Arachne
 26376 | Spider:4 | XOM: fog
 26388 | Spider:4 | Killed Arachne
 26390 | Spider:4 | XOM: summons 3 friendly demons
 26391 | Spider:4 | XOM: confuse monster(s)
 26463 | Spider:4 | XOM: confuse monster(s)
 26471 | Spider:4 | XOM: confusion
 26472 | Spider:4 | XOM: swap monsters
 26478 | Spider:4 | XOM: summons 4 hostile shadow creatures
 26533 | Spider:4 | XOM: stat loss: -1 Int (11/12)
 26540 | Spider:4 | XOM: polymorph ghost moth -> five-headed hydra
 26586 | Spider:4 | Reached XP level 20. HP: 88/100 MP: 9/23
 26735 | Spider:4 | Got a gossamer rune of Zot
 27069 | D:11     | XOM: give mutation
 27138 | Vaults:1 | Entered Level 1 of the Vaults
 27189 | D:14     | XOM: enchant monster (good)
 27312 | Vaults:1 | XOM: summons friendly iron imp
 27333 | Vaults:1 | XOM: 2-stop teleportation journey
 27372 | Vaults:1 | XOM: scenery: 1 doors close
 27379 | Vaults:1 | XOM: enchant monster (good)
 27437 | Vaults:1 | Got a distressingly furry leather armour
 27448 | Vaults:1 | Identified the cursed +1 leather armour of the Invisible
                  | Hand {Int+3} (You found it on level 1 of the Vaults)
 27451 | Vaults:1 | XOM: 8-stop teleportation journey
 27466 | Vaults:1 | XOM: enchant monster (good)
 27481 | Vaults:1 | Reached skill level 10 in Fighting
 27547 | Vaults:1 | XOM: confuse monster(s)
 27669 | Vaults:1 | XOM: god gift: 45 gold pieces
 27950 | Vaults:1 | Found Xosie's Weapon Boutique.
 28084 | Vaults:1 | XOM: divination: detect creatures
 28114 | Vaults:1 | Found Amulieqi's Antique Armour Shop.
 28123 | Vaults:1 | Bought the +4 Cigotuvi's embrace {rRot *Drain rN+} for 1021
                  | gold pieces
 28123 | Vaults:1 | Found the +4 Cigotuvi's embrace {rRot *Drain rN+}
 28244 | Vaults:1 | XOM: god gift: 7 atropa-tipped darts
 28387 | Vaults:1 | XOM: divination: detect items
 28388 | Vaults:1 | XOM: summons 3 friendly demons
 28396 | Vaults:1 | XOM: summons 7 friendly demons
 28531 | Vaults:2 | XOM: scenery: 1 doors open, 1 doors close
 28553 | Vaults:2 | XOM: cleaving
 28832 | Vaults:2 | Found a runed translucent gate.
 28832 | Vaults:2 | Found a runed translucent gate.
 28833 | Vaults:2 | Found a runed translucent gate.
 28836 | Vaults:2 | XOM: god gift: book of Maledictions
 28867 | Vaults:2 | Noticed Ciovvoaj's ghost (veteran GnWz)
 28867 | Vaults:2 | Noticed Usulitso's ghost (veteran FoVM)
 28867 | Vaults:2 | Noticed Isedumueph's ghost (veteran HuFi)
 28889 | Vaults:2 | XOM: cleaving
 28892 | Vaults:2 | XOM: divination: detect items
 28893 | Vaults:2 | XOM: scenery: 1 doors close
 28902 | Vaults:2 | XOM: fog
 28915 | Vaults:2 | XOM: cleaving
 28920 | Vaults:2 | XOM: summons 4 friendly demons
 28948 | Vaults:2 | Killed Isedumueph's ghost
 28948 | Vaults:2 | XOM: confuse monster(s)
 28950 | Vaults:2 | XOM: fog
 29172 | Vaults:2 | XOM: give mutations
 29172 | Vaults:2 | Gained mutation: You are covered in fur. (AC +1) [Xom's
                  | grace]
 29172 | Vaults:2 | Gained mutation: You have large cloven feet. [Xom's grace]
 29264 | Vaults:2 | XOM: give mutations
 29264 | Vaults:2 | Gained mutation: You have sharp fingernails. [Xom's grace]
 29264 | Vaults:2 | Gained mutation: Your mind is acute. (Int +2) [Xom's grace]
 29264 | Vaults:2 | Gained mutation: You possess an exceptional clarity of
                  | mind. [Xom's grace]
 29273 | Vaults:2 | Got a shimmering brass amulet
 29337 | Vaults:2 | XOM: cleaving
 29354 | Vaults:2 | Reached XP level 21. HP: 102/113 MP: 25/25
 29417 | Vaults:2 | XOM: confuse monster(s)
 29545 | Vaults:3 | Found an iron altar of Okawaru.
 29577 | Vaults:3 | XOM: cast spell 'Ring of Flames'
 29628 | Vaults:3 | XOM: cast spell 'Olgreb's Toxic Radiance'
 29654 | Vaults:3 | XOM: god gift: large peridot amulet {god gift}
 29673 | Vaults:3 | XOM: divination: detect items
 29682 | Vaults:3 | XOM: summons friendly shadow imp
 29738 | Vaults:3 | Identified the amulet "Soasug" {Faith rC+ Dex+3 Stlth-}
                  | (You found it on level 2 of the Vaults)
 29942 | Vaults:3 | Learned a level 1 spell: Apportation
 29944 | Vaults:3 | Learned a level 1 spell: Summon Butterflies
 29949 | Vaults:3 | Learned a level 4 spell: Passage of Golubria
 30005 | Vaults:3 | XOM: god gift: 35 gold pieces
 30024 | Vaults:3 | XOM: summons 7 hostile demons
 30053 | Vaults:3 | XOM: summons friendly shadow imp
 30076 | Vaults:3 | XOM: blink monster(s)
 30078 | Vaults:3 | XOM: silly message
 30097 | Vaults:3 | XOM: enchant monster (bad)
 30099 | Vaults:3 | XOM: potion effect (invisibility)
 30134 | Vaults:3 | XOM: god gift: leather armour {god gift}
 30176 | Vaults:3 | XOM: confuse monster(s)
 30217 | Vaults:3 | XOM: enchant monster (bad)
 30236 | Vaults:3 | XOM: cleaving
 30244 | Vaults:3 | XOM: blink monster(s)
 30298 | Vaults:3 | XOM: enchant monster (good)
 30311 | Vaults:3 | XOM: confuse monster(s)
 30361 | Vaults:3 | XOM: noise
 30451 | Vaults:3 | You fall into a shaft and drop 1 floor!
 30465 | Vaults:4 | XOM: noise
 30467 | Vaults:4 | XOM: enchant monster (good)
 30469 | Vaults:4 | XOM: chaos upgrade
 30470 | Vaults:4 | XOM: potion effect (invisibility)
 30487 | Vaults:4 | XOM: blink monster(s)
 30519 | Vaults:4 | Reached skill level 10 in Translocations
 30599 | Vaults:4 | XOM: summons friendly iron imp
 30616 | Vaults:4 | XOM: confuse monster(s)
 30618 | Vaults:4 | XOM: potion effect (haste)
 30623 | Vaults:4 | XOM: noise
 30748 | Vaults:4 | Reached skill level 1 in Ice Magic
 30899 | Vaults:4 | XOM: cast spell 'Call Canine Familiar'
 30910 | Vaults:4 | XOM: potion effect (invisibility)
 30917 | Vaults:4 | XOM: noise
 30921 | Vaults:4 | XOM: enchant monster (good)
 30933 | Vaults:4 | XOM: summons 12 friendly demons
 30941 | Vaults:4 | XOM: 6-stop teleportation journey
 31027 | Vaults:4 | XOM: confuse monster(s)
 31080 | Vaults:4 | Reached skill level 5 in Ice Magic
 31124 | Vaults:4 | Reached XP level 22. HP: 108/121 MP: 26/26
 31131 | Vaults:4 | XOM: fog
 31184 | Vaults:4 | XOM: destruction
 31196 | Vaults:4 | XOM: 1-stop teleportation journey
 31233 | Vaults:4 | XOM: confuse monster(s)
 31835 | Vaults:3 | XOM: confuse monster(s)
 31905 | Vaults:3 | Found a staircase to the Crypt.
 31912 | Crypt:1  | Entered Level 1 of the Crypt
 32038 | Crypt:2  | XOM: enchant monster (good)
 32101 | Crypt:3  | XOM: noise
 32101 | Crypt:3  | Entered Level 3 of the Crypt
 32202 | Crypt:3  | XOM: enchant monster (good)
 32293 | Crypt:3  | XOM: god gift: 33 gold pieces
 32313 | Crypt:3  | Found a staircase to the Tomb.
 32338 | Crypt:3  | XOM: swap monsters
 32402 | Crypt:3  | XOM: enchant monster (bad)
 32404 | Crypt:3  | Noticed Xtahua
 32413 | Crypt:3  | Killed Xtahua
 32413 | Crypt:3  | Reached skill level 2 in Spellcasting
 32436 | Crypt:2  | Reached skill level 3 in Spellcasting
 32563 | Crypt:3  | Reached skill level 4 in Spellcasting
 32637 | Crypt:3  | Reached skill level 5 in Spellcasting
 32653 | Crypt:3  | XOM: enchant monster (good)
 32674 | Crypt:3  | XOM: stat loss: -1 Int (14/15)
 32711 | Crypt:3  | Reached skill level 6 in Spellcasting
 32726 | Crypt:3  | XOM: cast spell 'Ring of Flames'
 32742 | Crypt:3  | Found an ancient bone altar of Kikubaaqudgha.
 32742 | Crypt:3  | Found a basalt altar of Yredelemnul.
 32742 | Crypt:3  | XOM: 1-stop teleportation journey
 32743 | Crypt:3  | Noticed a profane servitor
 32744 | Crypt:3  | XOM: chaos upgrade
 32746 | Crypt:3  | XOM: cast spell 'Summon Ice Beast'
 32747 | Crypt:3  | XOM: potion effect (might)
 32766 | Crypt:3  | XOM: potion effect (curing)
 32770 | Crypt:3  | Found the +7 great mace "Undeadhunter" {disrupt, rN+}
 32782 | Crypt:3  | XOM: divination: magic mapping
 32784 | Crypt:3  | Killed a profane servitor
 32784 | Crypt:3  | Reached skill level 7 in Spellcasting
 32929 | Crypt:3  | Reached skill level 8 in Spellcasting
 33393 | Crypt:2  | XOM: summons 3 hostile demons
 33459 | Crypt:2  | XOM: torment (80/121 hp)
 33533 | Vaults:3 | XOM: give mutation
 33533 | Vaults:3 | Lost mutation: Your mind is acute. (Int +2) [Xom's
                  | mischief]
 33592 | Vaults:3 | XOM: give mutations
 33592 | Vaults:3 | Lost mutation: You are agile. (Dex +2) [Xom's mischief]
 33592 | Vaults:3 | Gained mutation: You are weak. (Str -2) [Xom's mischief]
 33592 | Vaults:3 | Gained mutation: Your body sometimes deteriorates upon
                  | taking damage. [Xom's mischief]
 33619 | Vaults:4 | Learned a level 3 spell: Spectral Weapon
 33620 | Vaults:5 | Entered Level 5 of the Vaults
 33647 | Vaults:5 | XOM: snakes to sticks
 33653 | Vaults:5 | Noticed a juggernaut
 33653 | Vaults:5 | a titan changed into a juggernaut
 33653 | Vaults:5 | XOM: polymorph titan -> juggernaut
 33662 | Vaults:5 | Reached skill level 9 in Spellcasting
 33681 | Vaults:5 | XOM: divination: detect creatures
 33697 | Vaults:5 | XOM: summons 12 hostile demons
 33698 | Vaults:5 | XOM: chaos upgrade
 33704 | Vaults:5 | XOM: cast spell 'Cause Fear'
 33706 | Vaults:5 | XOM: blink monster(s)
 33708 | Vaults:5 | Killed a juggernaut
 33708 | Vaults:5 | Reached skill level 10 in Spellcasting
 33708 | Vaults:5 | Reached XP level 23. HP: 122/125 MP: 34/38
 33795 | Vaults:5 | XOM: noise
 33808 | Vaults:5 | XOM: noise
 33809 | Vaults:5 | XOM: destruction
 33814 | Vaults:5 | XOM: swap monsters
 33815 | Vaults:5 | Noticed an ancient lich
 33815 | Vaults:5 | XOM: scenery: create altars
 33824 | Vaults:5 | Killed an ancient lich
 33824 | Vaults:5 | Reached skill level 11 in Spellcasting
 33831 | Vaults:5 | XOM: noise
 33860 | Vaults:5 | XOM: potion effect (brilliance)
 33914 | Vaults:5 | XOM: potion effect (might)
 33923 | Vaults:5 | XOM: potion effect (might)
 33931 | Vaults:5 | XOM: potion effect (might)
 33935 | Vaults:5 | XOM: potion effect (might)
 33945 | Vaults:5 | XOM: cast spell 'Summon Small Mammal'
 33953 | Vaults:5 | XOM: confuse monster(s)
 33957 | Vaults:5 | XOM: silly message
 33979 | Vaults:5 | XOM: confuse monster(s)
 34001 | Vaults:5 | XOM: silly message
 34054 | Vaults:5 | Learned a level 7 spell: Spellforged Servitor
 34061 | Vaults:5 | Learned a level 6 spell: Iron Shot
 34086 | Vaults:5 | Identified Vuadeng's Guide on the Snowflakes and
                  | Contamination
 34115 | Vaults:5 | Reached skill level 1 in Earth Magic
 34115 | Vaults:5 | XOM: cloud trail
 34134 | Vaults:5 | XOM: silly message
 34163 | Vaults:5 | XOM: cast spell 'Olgreb's Toxic Radiance'
 34169 | Vaults:5 | XOM: potion effect (stabbing)
 34172 | Vaults:5 | Identified the cursed +0 buckler of the Centipede {rCorr
                  | SInv}
 34174 | Vaults:5 | XOM: potion effect (invisibility)
 34185 | Vaults:5 | XOM: summons friendly crimson imp
 34189 | Vaults:5 | Identified the +8 spear of Darkness {flame, rElec Str+7}
 34196 | Vaults:5 | XOM: summons 5 friendly demons
 34197 | Vaults:5 | XOM: swap monsters
 34211 | Vaults:5 | XOM: enchant monster (bad)
 34241 | Vaults:5 | Reached skill level 5 in Earth Magic
 34259 | Vaults:5 | XOM: noise
 34283 | Vaults:5 | Noticed a golden dragon
 34293 | Vaults:5 | XOM: summons 2 friendly demons
 34299 | Vaults:5 | Killed a golden dragon
 34315 | Vaults:5 | XOM: polymorph vault guard -> storm dragon
 34351 | Vaults:5 | XOM: god gift: 5 silver boomerangs
 34370 | Vaults:5 | XOM: 1-stop teleportation journey
 34380 | Vaults:5 | XOM: blink monster(s)
 34470 | Vaults:5 | XOM: summons friendly ufetubus
 34508 | Vaults:5 | XOM: summons friendly quasit
 34580 | Vaults:5 | XOM: give mutations
 34580 | Vaults:5 | Lost mutation: You are weak. (Str -2) [Xom's grace]
 34580 | Vaults:5 | Gained mutation: Your muscles are strong. (Str +2) [Xom's
                  | grace]
 34616 | Vaults:5 | XOM: scenery: create altars
 34708 | Vaults:5 | XOM: polymorph tentacled monstrosity -> tentacled
                  | monstrosity
 34709 | Vaults:5 | Reached XP level 24. HP: 118/130 MP: 39/39
 34738 | Vaults:5 | XOM: 2-stop teleportation journey
 34760 | Vaults:5 | Identified the Tome of Shifting Hexes
 34778 | Vaults:5 | Got a silver rune of Zot
 34787 | Vaults:5 | XOM: 9-stop teleportation journey
 34932 | Vaults:5 | Identified the Compendium of Translocation
 35001 | Vaults:5 | XOM: give mutations
 35001 | Vaults:5 | Gained mutation: You are resistant to electric shocks.
                  | (rElec) [Xom's grace]
 35001 | Vaults:5 | Lost mutation: Scrolls take you a little longer to read.
                  | [Xom's grace]
 35001 | Vaults:5 | Gained mutation: You have supernaturally acute eyesight.
                  | (SInv) [Xom's grace]
 35001 | Vaults:5 | Gained mutation: Your flesh is cold resistant. (rC+) [Xom's
                  | grace]
 35076 | Vaults:5 | Identified the Guide on the Rocks and Companions
 35475 | Slime:1  | Entered Level 1 of the Pits of Slime
 35479 | Slime:1  | XOM: cast spell 'Ring of Flames'
 35488 | Slime:1  | XOM: divination: detect creatures
 35491 | Slime:1  | XOM: scenery: create altars
 35522 | Slime:1  | Reached skill level 10 in Earth Magic
 35578 | Slime:1  | XOM: 2-stop teleportation journey
 35579 | Slime:1  | XOM: enchant monster (good)
 35583 | Slime:1  | Reached skill level 1 in Summonings
 35695 | Slime:3  | XOM: stealth player
 35698 | Slime:3  | XOM: enchant monster (good)
 35706 | Slime:3  | XOM: confuse monster(s)
 35712 | Slime:2  | Reached skill level 5 in Summonings
 35808 | Slime:2  | XOM: give mutations
 35808 | Slime:2  | Lost mutation: You have a somewhat thin skeletal structure.
                  | (Dex +2, Stealth) [Xom's mischief]
 35808 | Slime:2  | Lost mutation: You possess an exceptional clarity of mind.
                  | [Xom's mischief]
 35808 | Slime:2  | Lost mutation: Your muscles are strong. (Str +2) [Xom's
                  | mischief]
 35886 | Slime:2  | XOM: swap monsters
 35894 | Slime:2  | XOM: noise
 35964 | Slime:2  | XOM: confusion
 35972 | Slime:2  | XOM: repel stairs
 36023 | Slime:3  | XOM: noise
 36174 | Slime:3  | XOM: repel stairs
 36292 | Slime:5  | Entered Level 5 of the Pits of Slime
 36395 | Slime:5  | XOM: 1-stop teleportation journey
 36401 | Slime:4  | XOM: blink monster(s)
 36404 | Slime:4  | XOM: divination: detect items
 36411 | Slime:4  | XOM: summons friendly white imp
 36423 | Slime:4  | XOM: blink monster(s)
 36429 | Slime:4  | XOM: butterfly on damage
 36433 | Slime:4  | Reached skill level 1 in Conjurations
 36434 | Slime:4  | XOM: summons friendly white imp
 36446 | Slime:4  | XOM: silly message
 36449 | Slime:4  | XOM: enchant monster (bad)
 36493 | Slime:4  | Identified Xom's Grimoire of Might (Xom gifted it to you on
                  | level 4 of the Pits of Slime)
 36493 | Slime:4  | XOM: god gift: Xom's Grimoire of Might
 36576 | Slime:5  | XOM: scenery: create altars
 36602 | Slime:5  | Found a viscous altar of Jiyva.
 36603 | Slime:5  | Noticed the Royal Jelly
 36620 | Slime:5  | Killed the Royal Jelly
 36621 | Slime:5  | wow
 36717 | Slime:5  | Identified the +0 robe of Lashyhu {rPois SInv Stlth+} (You
                  | found it on level 5 of the Pits of Slime)
 36753 | Slime:5  | Got a slimy rune of Zot
 36895 | Lair:6   | XOM: confusion
 36896 | Lair:6   | XOM: cleaving
 37111 | D:11     | You showed the slimy rune of Zot to enter a treasure trove
 37112 | Trove    | Entered a treasure trove
 37117 | Trove    | Identified the +1 leather armour "Ododwumu" {Int+7} (You
                  | found it in a treasure trove)
 37139 | Trove    | Got a fine cloak
 37150 | Trove    | Identified the cursed -2 cloak of the Pink Corner {rPois
                  | Str-4 Dex+8 SInv} (You found it in a treasure trove)
 37190 | Trove    | Found the +2 shield of Resistance {rF+ rC+ MR+}
 37192 | Trove    | Got an ancient helmet
 37193 | Trove    | Identified the +5 helmet "Yggo" {rPois rN+ Regen+} (You
                  | found it in a treasure trove)
 37195 | Trove    | Got a pair of warped boots
 37205 | Trove    | XOM: summons 4 hostile demons
 37206 | Trove    | Identified the +3 pair of boots of Xont {*Drain rPois
                  | Int+7} (You found it in a treasure trove)
 37218 | Trove    | Identified the +2 helmet "Joannod" {+Fly rElec Int-2 Dex+4}
                  | (You found it in a treasure trove)
 37221 | Trove    | Identified the +2 helmet "Riatavvue" {rN++ MR+ rCorr Str+4
                  | Int-5} (You found it in a treasure trove)
 37573 | D:14     | XOM: summons 8 hostile demons
 37648 | Depths:1 | XOM: polymorph brown ugly thing -> red ugly thing
 37665 | Depths:1 | XOM: chaos upgrade
 37666 | Depths:1 | XOM: confusion
 37685 | Depths:1 | XOM: swap monsters
 37735 | Depths:1 | XOM: enchant monster (good)
 37736 | Depths:1 | XOM: confusion (+ monsters)
 37742 | Depths:1 | XOM: smoke on damage
 37742 | Depths:1 | XOM: torment (96/130 hp)
 37847 | Depths:1 | XOM: cleaving
 37852 | Depths:1 | Reached XP level 25. HP: 134/134 MP: 39/39
 37853 | Depths:1 | XOM: chaos upgrade
 37861 | Depths:1 | XOM: summons 14 friendly demons
 37939 | Depths:1 | XOM: enchant monster (bad)
 37985 | Depths:1 | Found a shimmering blue altar of Sif Muna.
 37986 | Depths:1 | Noticed Saint Roka
 37997 | Depths:1 | XOM: smoke on damage
 38018 | Depths:1 | Killed Saint Roka
 38034 | Depths:1 | XOM: summons friendly quasit
 38091 | Depths:1 | XOM: cast spell 'Ring of Flames'
 38097 | Depths:1 | XOM: summons friendly shadow imp
 38230 | Depths:1 | Identified the +1 great sword "Transmigrator" {flame, rF++}
                  | (You found it on level 1 of the Depths)
 38243 | Depths:1 | Noticed Bai Suzhen
 38246 | Depths:1 | Bai Suzhen changed into Bai Suzhen the shapeshifter
 38246 | Depths:1 | XOM: polymorph Bai Suzhen -> Bai Suzhen the shapeshifter
 38250 | Depths:1 | XOM: confuse monster(s)
 38267 | Depths:1 | Found a gateway to Hell.
 38317 | Depths:2 | XOM: confuse monster(s)
 38326 | Depths:2 | XOM: polymorph sky beast -> shapeshifter
 38348 | Depths:2 | Reached skill level 10 in Conjurations
 38363 | Depths:2 | XOM: 2-stop teleportation journey
 38406 | Depths:2 | Found a one-way gate to the infinite horrors of the Abyss.
 38434 | Depths:2 | Found a magical portal.
 38507 | WizLab   | XOM: divination: detect items
 38512 | WizLab   | XOM: confusion
 38537 | WizLab   | XOM: summons friendly crimson imp
 38549 | WizLab   | XOM: summons friendly ufetubus
 38557 | WizLab   | Found the +9 staff of Wucad Mu {channel}
 38604 | WizLab   | Reached XP level 26. HP: 139/139 MP: 39/39
 38647 | WizLab   | XOM: cloud trail
 38736 | Depths:2 | XOM: 1-stop teleportation journey
 38740 | Depths:2 | XOM: cleaving
 38745 | Depths:2 | XOM: fake destruction
 38747 | Depths:2 | XOM: divine lightning
 38748 | Depths:2 | XOM: cleaving
 38749 | Depths:2 | XOM: summons friendly ynoxinul
 38755 | Depths:2 | XOM: scenery: create altars
 38756 | Depths:2 | XOM: summons 2 friendly demons
 38776 | Depths:2 | XOM: swap monsters
 38786 | Depths:2 | Reached skill level 15 in Fighting
 38789 | Depths:2 | XOM: cast spell 'Statue Form'
 38871 | Depths:2 | XOM: cleaving
 38873 | Depths:2 | XOM: summons 6 friendly demons
 38933 | Depths:2 | XOM: summons friendly shadow imp
 38940 | Depths:2 | XOM: cast spell 'Summon Mana Viper'
 39028 | Depths:2 | XOM: noise
 39148 | Depths:2 | XOM: potion effect (might)
 39364 | Depths:3 | Found Wouce's Book Boutique.
 39397 | Depths:3 | Bought a Grand Grimoire for 2097 gold pieces
 39405 | Depths:3 | Learned a level 7 spell: Malign Gateway
 39415 | Depths:3 | XOM: divination: magic mapping
 39457 | Depths:3 | XOM: chaos cloud
 39461 | Depths:3 | XOM: confuse monster(s)
 39588 | Depths:3 | Identified the +3 scale mail of Divine Compulsion {rPois
                  | Str-4 Dex-3 SInv} (You found it on level 3 of the Depths)
 39600 | Depths:3 | Found a runed translucent door.
 39600 | Depths:3 | Noticed a juggernaut
 39614 | Depths:3 | XOM: silly message
 39615 | Depths:3 | XOM: potion effect (brilliance)
 39633 | Depths:3 | Killed a juggernaut
 39653 | Depths:3 | XOM: swap monsters
 39685 | Depths:3 | XOM: 1-stop teleportation journey
 39695 | Depths:3 | XOM: give mutation
 39695 | Depths:3 | Gained mutation: You possess an exceptional clarity of
                  | mind. [Xom's grace]
 39762 | Depths:3 | Noticed Sojobo
 39782 | Depths:3 | XOM: potion effect (berserk rage)
 39795 | Depths:3 | Killed Sojobo
 39803 | Depths:3 | XOM: blink monster(s)
 39806 | Depths:3 | XOM: silly message
 39808 | Depths:3 | XOM: noise
 39823 | Depths:3 | XOM: potion effect (brilliance)
 39828 | Depths:3 | XOM: noise
 39834 | Depths:3 | XOM: scenery: 1 doors open, 1 doors close
 39935 | Depths:3 | XOM: cast spell 'Dispersal'
 39982 | Depths:3 | XOM: give mutations
 39982 | Depths:3 | Lost mutation: You have large cloven feet. [Xom's mischief]
 39982 | Depths:3 | Lost mutation: You occasionally shout uncontrollably at
                  | your foes. [Xom's mischief]
 39982 | Depths:3 | Lost mutation: Your flesh is heat resistant. (rF+) [Xom's
                  | mischief]
 40077 | Depths:3 | Found a one-way gate leading to the halls of Pandemonium.
 40099 | Pan      | Entered Pandemonium
 40102 | Pan      | XOM: smoke on damage
 40122 | Pan      | XOM: potion effect (stabbing)
 40131 | Pan      | XOM: summons friendly ufetubus
 40182 | Pan      | Reached skill level 10 in Summonings
 40184 | Pan      | XOM: noise
 40192 | Pan      | XOM: scenery: 2 doors open
 40233 | Pan      | XOM: fog
 40242 | Pan      | Entered the realm of Lom Lobon.
 40264 | Pan      | XOM: butterfly on damage
 40271 | Pan      | Noticed Lom Lobon
 40279 | Pan      | Reached XP level 27. HP: 152/152 MP: 37/39
 40306 | Pan      | XOM: summons friendly crimson imp
 40333 | Pan      | XOM: silly message
 40420 | Pan      | Got a magical rune of Zot
 40484 | Pan      | XOM: divination: detect creatures
 40541 | Pan      | XOM: noise
 40571 | Pan      | XOM: smoke on damage
 40590 | Pan      | XOM: noise
 40702 | Pan      | Found an exit through the horrors of the Abyss.
 40888 | Pan      | XOM: divination: magic mapping
 41192 | Pan      | XOM: enchant monster (bad)
 41281 | Pan      | XOM: potion effect (stabbing)
 41323 | Pan      | XOM: silly message
 41347 | Pan      | XOM: potion effect (stabbing)
 41516 | Pan      | Identified the amulet of Suyst {+Rage rN+}
 41535 | Pan      | Noticed a seraph
 41604 | Pan      | Killed a seraph
 41604 | Pan      | Reached skill level 12 in Spellcasting
 41622 | Pan      | XOM: noise
 41625 | Pan      | XOM: noise
 41645 | Pan      | Found a glowing golden altar of the Shining One.
 41652 | Pan      | Identified the +5 great sword of Buhev {vorpal, rC+} (You
                  | found it in Pandemonium)
 41655 | Pan      | Got a demonic rune of Zot
 41657 | Pan      | Identified the ring of Conversion {*Tele Str+4} (You found
                  | it in Pandemonium)
 41731 | Pan      | XOM: potion effect (stabbing)
 41791 | Pan      | XOM: 1-stop teleportation journey
 41938 | Pan      | Found a glowing silver altar of Zin.
 41939 | Pan      | XOM: 2-stop teleportation journey
 41954 | Pan      | XOM: smoke on damage
 41986 | Pan      | XOM: scenery: create altars
 42032 | Pan      | Reached skill level 13 in Spellcasting
 42084 | Pan      | Entered the realm of Gloorx Vloq.
 42089 | Pan      | Noticed Gloorx Vloq
 42098 | Pan      | Got a dark rune of Zot
 42101 | Pan      | Noticed Lom Lobon
 42103 | Pan      | XOM: enchant monster (good)
 42126 | Depths:3 | Escaped Pandemonium
 42274 | Pan      | Entered Pandemonium
 42284 | Depths:3 | Escaped Pandemonium
 42286 | Pan      | Entered the realm of Cerebov.
 42286 | Pan      | Entered Pandemonium
 42286 | Pan      | XOM: silly message
 42302 | Pan      | Found an exit through the horrors of the Abyss.
 42340 | Pan      | XOM: enchant monster (bad)
 42439 | Pan      | XOM: 6-stop teleportation journey
 42440 | Pan      | Identified the +6 sword of Cerebov {flame}
 42440 | Pan      | Noticed Cerebov
 42444 | Pan      | Got a fiery rune of Zot
 42501 | Pan      | Found an exit through the horrors of the Abyss.
 42511 | Pan      | XOM: 2-stop teleportation journey
 42560 | Pan      | Entered the realm of Mnoleg.
 42626 | Pan      | Identified the Guide on Transmutation
 42639 | Pan      | Found an exit through the horrors of the Abyss.
 42852 | Pan      | Noticed Mnoleg
 42862 | Pan      | XOM: 1-stop teleportation journey
 42888 | Pan      | Reached skill level 14 in Spellcasting
 42945 | Pan      | Paralysed by a floating eye for 2 turns
 42952 | Pan      | Paralysed by a floating eye for 4 turns
 42969 | Pan      | Got a glowing rune of Zot
 43001 | Pan      | XOM: stat loss: -1 Int (18/22)
 43085 | Pan      | XOM: chaos cloud
 43089 | Pan      | XOM: chaos upgrade
 43099 | Pan      | XOM: give mutation
 43099 | Pan      | Lost mutation: You passively map a small area around you.
                  | [Xom's mischief]
 43139 | Pan      | Cast into level 5 of the Abyss (Xom)
 43139 | Abyss:5  | Entered Level 5 of the Abyss
 43192 | Pan      | Escaped the Abyss
 43198 | Pan      | XOM: summons 1 hostile shadow creature
 43268 | Pan      | Found an exit through the horrors of the Abyss.
 43286 | Pan      | Identified the +4 chain mail of Midsummer {MP+9 Dex+2} (You
                  | found it in Pandemonium)
 43297 | Pan      | Took an exit into the Abyss.
 43297 | Abyss:1  | Escaped into the Abyss
 43412 | Abyss:1  | XOM: give mutation
 43412 | Abyss:1  | Gained mutation: You are weak. (Str -2) [Xom's mischief]
 43652 | Abyss:3  | Found a corrupted altar of Lugonu.
 43760 | Abyss:4  | Reached skill level 15 in Spellcasting
 43768 | Abyss:4  | XOM: blink monster(s)
 43784 | Abyss:4  | XOM: cast spell 'Chain of Chaos'
 43805 | Abyss:4  | XOM: summons 10 friendly demons
 43817 | Abyss:4  | XOM: noise
 43886 | Abyss:4  | XOM: divination: detect items
 43901 | Abyss:4  | XOM: enchant monster (good)
 43908 | Abyss:4  | XOM: enchant monster (good)
 43980 | Abyss:4  | Got an abyssal rune of Zot
 44030 | Abyss:4  | XOM: scenery: create altars
 44042 | Abyss:4  | Gained mutation: You are frail. (-10% HP) [a neqoxec]
 44055 | Abyss:4  | XOM: polymorph large abomination -> large abomination
 44062 | Abyss:4  | XOM: polymorph large abomination -> large abomination
 44064 | Abyss:4  | XOM: silly message
 44083 | Abyss:4  | XOM: potion effect (might)
 44097 | Depths:3 | Escaped the Abyss
 44125 | Hell     | Entered the Vestibule of Hell
 44125 | Hell     | Noticed Geryon
 44139 | Depths:3 | Upgraded the game from 0.25-a0-843-g6944ee31a2 to
                  | 0.25-a0-857-g60a0bcd8b5
 44205 | Hell     | XOM: potion effect (experience)
 44205 | Hell     | Reached skill level 16 in Spellcasting
 44259 | Hell     | XOM: silly message
 44271 | Depths:2 | Learned a level 5 spell: Irradiate
 44280 | Depths:2 | Learned a level 8 spell: Summon Horrible Things
 44396 | Hell     | Killed Geryon
 44436 | Hell     | Found a gateway to the ashen valley of Gehenna.
 44455 | Hell     | XOM: silly message
 44502 | Hell     | Noticed an ancient lich
 44509 | Hell     | XOM: potion effect (haste)
 44525 | Hell     | Killed an ancient lich
 44536 | Hell     | Found a gateway to the decaying netherworld of Tartarus.
 44536 | Hell     | XOM: silly message
 44556 | Hell     | XOM: potion effect (brilliance)
 44573 | Hell     | Found a gateway to the freezing wastes of Cocytus.
 44603 | Hell     | XOM: divination: detect items
 44625 | Coc:1    | Entered Level 1 of Cocytus
 44748 | Coc:5    | XOM: silly message
 44753 | Coc:5    | XOM: silly message
 44758 | Coc:5    | XOM: cast spell 'Summon Small Mammal'
 44767 | Coc:5    | XOM: potion effect (haste)
 44829 | Coc:5    | XOM: divination: detect items
 44835 | Coc:5    | XOM: cast spell 'Summon Small Mammal'
 44837 | Coc:5    | XOM: noise
 44838 | Coc:5    | XOM: potion effect (magic)
 44856 | Coc:5    | XOM: divination: detect items
 44862 | Coc:5    | XOM: divination: magic mapping
 44885 | Coc:5    | XOM: silly message
 44987 | Coc:7    | Entered Level 7 of Cocytus
 45095 | Coc:7    | XOM: silly message
 45117 | Coc:7    | XOM: divination: detect items
 45121 | Coc:7    | XOM: summons 4 friendly demons
 45127 | Coc:7    | Reached skill level 15 in Summonings
 45140 | Coc:7    | XOM: polymorph crimson imp -> white imp
 45151 | Coc:7    | XOM: cast spell 'Shadow Creatures'
 45201 | Coc:7    | XOM: butterfly on damage
 45203 | Coc:7    | XOM: confuse monster(s)
 45206 | Coc:7    | XOM: cast spell 'Ring of Flames'
 45271 | Coc:7    | XOM: divination: detect items
 45284 | Coc:7    | XOM: polymorph blizzard demon -> cacodemon
 45336 | Coc:7    | XOM: potion effect (brilliance)
 45405 | Coc:7    | Found the ring of the Mage {Wiz MR++ Int+3}
 45498 | Coc:7    | XOM: summons friendly crimson imp
 45545 | Coc:7    | Noticed the Serpent of Hell
 45547 | Coc:7    | XOM: polymorph ice devil -> chaos spawn
 45564 | Coc:7    | XOM: potion effect (brilliance)
 45577 | Coc:7    | XOM: divination: magic mapping
 45624 | Coc:7    | XOM: divination: detect creatures
 45706 | Coc:7    | XOM: torment (96/136 hp)
 45746 | Coc:7    | XOM: fog
 45819 | Coc:7    | XOM: scenery: create altars
 45829 | Coc:7    | Killed the Serpent of Hell
 45976 | Coc:7    | XOM: cast spell 'Death Channel'
 46007 | Coc:7    | XOM: summons friendly ufetubus
 46118 | Coc:7    | XOM: fog
 46126 | Coc:7    | XOM: smoke on damage
 46283 | Coc:7    | Noticed Antaeus
 46305 | Coc:7    | XOM: fog
 46321 | Coc:7    | Killed Antaeus
 46338 | Coc:7    | Got an icy rune of Zot
 46341 | Coc:7    | XOM: 4-stop teleportation journey
 46394 | Coc:7    | XOM: scenery: create altars
 46481 | Depths:2 | Noticed a juggernaut
 46483 | Depths:2 | XOM: scenery: 1 doors close
 46484 | Depths:2 | a juggernaut changed into a titan
 46484 | Depths:2 | XOM: polymorph juggernaut -> titan
 46669 | Orc:2    | Bought a book of the Warp for 1080 gold pieces
 46670 | Orc:2    | Bought a scroll of amnesia for 38 gold pieces
 46848 | Depths:1 | XOM: god gift: potion of degeneration
 46878 | Tar:1    | XOM: stealth player
 46878 | Tar:1    | Entered Level 1 of Tartarus
 47000 | Tar:2    | XOM: cast spell 'Ring of Flames'
 47002 | Tar:2    | XOM: give mutations
 47002 | Tar:2    | Lost mutation: You are frail. (-10% HP) [Xom's mischief]
 47002 | Tar:2    | Lost mutation: Your body sometimes deteriorates upon taking
                  | damage. [Xom's mischief]
 47059 | Tar:3    | XOM: swap monsters
 47061 | Tar:3    | XOM: enchant monster (bad)
 47130 | Tar:3    | XOM: divination: detect items
 47131 | Tar:3    | XOM: cast spell 'Discord'
 47142 | Tar:3    | XOM: confuse monster(s)
 47197 | Tar:3    | XOM: enchant monster (bad)
 47215 | Tar:3    | XOM: confuse monster(s)
 47229 | Tar:4    | HP: 10/228 [doom hound[the effects of Hell] (18)]
 47245 | Hell     | XOM: polymorph tormentor -> hell beast
 47255 | Hell     | XOM: enchant monster (good)
 47320 | Hell     | Reached skill level 17 in Spellcasting
 47341 | Hell     | XOM: cast spell 'Chain of Chaos'
 47343 | Hell     | XOM: summons 6 friendly demons
 47347 | Hell     | XOM: noise
 47388 | Hell     | XOM: butterfly on damage
 47429 | Hell     | XOM: stat loss: -1 Str (14/15)
 47433 | Hell     | XOM: give mutations
 47433 | Hell     | Gained mutation: You are dopey. (Int -2) [Xom's mischief]
 47433 | Hell     | Lost mutation: You are weak. (Str -2) [Xom's mischief]
 47433 | Hell     | Lost mutation: You are somewhat resistant to further
                  | mutation. [Xom's mischief]
 47493 | Hell     | XOM: give mutation
 47493 | Hell     | Gained mutation: You are partially covered in rugged brown
                  | scales. (AC +1, +3% HP) [Xom's mischief]
 47519 | Hell     | Found a gateway to the Iron City of Dis.
 47536 | Dis:1    | Entered Level 1 of the Iron City of Dis
 47582 | Dis:1    | XOM: confuse monster(s)
 47650 | Dis:1    | XOM: summons 4 hostile demons
 47772 | Dis:1    | XOM: 2-stop teleportation journey
 47826 | Dis:1    | XOM: enchant monster (good)
 47829 | Dis:1    | XOM: swap monsters
 47833 | Dis:1    | XOM: silly message
 47836 | Dis:1    | XOM: enchant monster (good)
 47843 | Dis:1    | XOM: confuse monster(s)
 47873 | Dis:1    | XOM: fog
 47940 | Dis:2    | Reached skill level 18 in Spellcasting
 47955 | Dis:2    | XOM: scenery: 2 doors open, 2 doors close
 48073 | Dis:5    | Learned a level 8 spell: Controlled Blink
 48118 | Dis:5    | You fall into a shaft and drop 1 floor!
 48119 | Dis:6    | XOM: fog
 48136 | Dis:7    | Entered Level 7 of the Iron City of Dis
 48162 | Dis:7    | XOM: divine lightning
 48175 | Dis:7    | XOM: fake destruction
 48202 | Dis:7    | XOM: summons 4 hostile demons
 48269 | Dis:7    | XOM: noise
 48350 | Dis:7    | XOM: 1-stop teleportation journey
 48368 | Dis:7    | Reached skill level 15 in Translocations
 48368 | Dis:7    | XOM: chaos upgrade
 48370 | Dis:7    | XOM: summons 2 hostile shadow creatures
 48378 | Dis:7    | XOM: summons 3 hostile shadow creatures
 48506 | Dis:7    | XOM: fog
 48554 | Dis:7    | XOM: summons 3 hostile shadow creatures
 48623 | Dis:7    | XOM: enchant monster (bad)
 48641 | Dis:7    | XOM: 2-stop teleportation journey
 48643 | Dis:7    | XOM: chaos upgrade
 48666 | Dis:7    | Gained mutation: You are very dopey. (Int -4) [a cacodemon]
 48675 | Dis:7    | XOM: enchant monster (good)
 48676 | Dis:7    | Gained mutation: Armour fits poorly on your strangely
                  | shaped body. [a cacodemon]
 48679 | Dis:7    | XOM: enchant monster (good)
 48689 | Dis:7    | XOM: cast spell 'Ring of Flames'
 48700 | Dis:7    | XOM: fake destruction
 48768 | Dis:7    | XOM: 2-stop teleportation journey
 48768 | Dis:7    | Identified the +4 staff of Dispater
 48768 | Dis:7    | Noticed Dispater
 48771 | Dis:7    | Got an iron rune of Zot
 48821 | Hell     | XOM: repel stairs
 49029 | Depths:4 | XOM: confuse monster(s)
 49060 | Depths:4 | Found a gateway to a ziggurat.
 49127 | Depths:4 | Found a sparkling altar of Nemelex Xobeh.
 49128 | Depths:4 | Found a basalt altar of Yredelemnul.
 49128 | Depths:4 | Found a sparkling altar of Nemelex Xobeh.
 49131 | Depths:4 | XOM: silly message
 49174 | Depths:4 | XOM: divination: magic mapping
 49203 | Depths:4 | XOM: enchant monster (good)
 49212 | Depths:4 | XOM: silly message
 49317 | Depths:4 | XOM: confuse monster(s)
 49354 | Depths:4 | XOM: blink monster(s)
 49361 | Depths:4 | XOM: potion effect (haste)
 49400 | Depths:4 | Noticed a juggernaut
 49416 | Depths:4 | Killed a juggernaut
 49550 | Depths:4 | XOM: 3-stop teleportation journey
 49555 | Depths:4 | XOM: noise
 49558 | Depths:4 | XOM: noise
 49567 | Depths:4 | XOM: divination: detect items
 49586 | Depths:4 | XOM: potion effect (might)
 49590 | Depths:4 | XOM: noise
 49614 | Depths:4 | XOM: potion effect (invisibility)
 49730 | Depths:4 | XOM: potion effect (invisibility)
 49740 | Depths:4 | XOM: chaos upgrade
 49800 | Depths:4 | Reached skill level 15 in Conjurations
 49814 | Depths:4 | Lost mutation: You possess an exceptional clarity of mind.
                  | [mutagenic glow]
 49881 | Depths:5 | Entered Level 5 of the Depths
 50022 | Depths:3 | Learned a level 8 spell: Lehudib's Crystal Spear
 50116 | Zig:1    | Entered Level 1 of a ziggurat
 50185 | Zig:2    | Entered Level 2 of a ziggurat
 50205 | Zig:2    | Cast into level 3 of the Abyss (eldritch tentacle)
 50206 | Abyss:3  | ._.
 50235 | Zig:2    | Escaped the Abyss
 50257 | Zig:3    | Entered Level 3 of a ziggurat
 50334 | Zig:3    | XOM: give mutation
 50334 | Zig:3    | Lost mutation: You are very dopey. (Int -4) [Xom's grace]
 50343 | Zig:3    | Got a crude golden amulet
 50344 | Zig:3    | Identified the amulet "Miylut" {Gourm MR+ Dex+3} (You found
                  | it on level 3 of a ziggurat)
 50349 | Zig:4    | Entered Level 4 of a ziggurat
 50363 | Zig:4    | XOM: polymorph water nymph -> swamp worm
 50395 | Zig:5    | Entered Level 5 of a ziggurat
 50409 | Zig:5    | Noticed Tiliukly the pandemonium lord
 50411 | Zig:5    | XOM: butterfly on damage
 50419 | Zig:5    | XOM: confuse monster(s)
 50425 | Zig:5    | Killed Tiliukly the pandemonium lord
 50480 | Zig:6    | Entered Level 6 of a ziggurat
 50539 | Zig:6    | XOM: enchant monster (good)
 50542 | Zig:6    | XOM: divination: detect creatures
 50601 | Zig:6    | XOM: god gift: plate armour {god gift}
 50653 | Zig:7    | Entered Level 7 of a ziggurat
 50676 | Zig:7    | XOM: divination: detect creatures
 50702 | Zig:8    | Entered Level 8 of a ziggurat
 50724 | Zig:8    | XOM: god gift: phantom mirror
 50858 | Zig:8    | XOM: enchant monster (good)
 50860 | Zig:8    | XOM: blink monster(s)
 50878 | Zig:8    | XOM: polymorph orb spider -> salamander
 50900 | Zig:8    | Reached skill level 19 in Spellcasting
 50909 | Zig:9    | Entered Level 9 of a ziggurat
 50996 | Zig:9    | Gained mutation: You occasionally shout uncontrollably at
                  | your foes. [a neqoxec]
 51001 | Zig:9    | Noticed Syanast the pandemonium lord
 51016 | Zig:9    | Killed Syanast the pandemonium lord
 51058 | Zig:9    | Identified the cursed +1 scale mail "Genut" {rC+ Int+3}
                  | (You found it on level 9 of a ziggurat)
 51095 | Zig:10   | Entered Level 10 of a ziggurat
 51209 | Zig:10   | XOM: blink monster(s)
 51213 | Zig:10   | XOM: give mutations
 51213 | Zig:10   | Lost mutation: Armour fits poorly on your strangely shaped
                  | body. [Xom's mischief]
 51213 | Zig:10   | Gained mutation: You are frail. (-10% HP) [Xom's mischief]
 51213 | Zig:10   | Lost mutation: You are frail. (-10% HP) [Xom's mischief]
 51213 | Zig:10   | Lost mutation: You have sharp fingernails. [Xom's mischief]
 51241 | Zig:10   | Identified the Volume of Envenoming and Ignition
 51249 | Zig:11   | Entered Level 11 of a ziggurat
 51270 | Zig:11   | Gained mutation: Your body sometimes deteriorates upon
                  | taking damage. [a shining eye]
 51313 | Zig:11   | Identified the cursed ring "Binilol" {MR+ AC-3} (You found
                  | it on level 11 of a ziggurat)
 51329 | Zig:12   | Entered Level 12 of a ziggurat
 51354 | Zig:12   | XOM: confusion (+ monsters)
 51354 | Zig:12   | Reached skill level 20 in Spellcasting
 51355 | Zig:12   | XOM: swap monsters
 51361 | Zig:12   | XOM: give mutations
 51361 | Zig:12   | Gained mutation: You can translocate small distances at
                  | will. [Xom's grace]
 51361 | Zig:12   | Gained mutation: You are resistant to hostile enchantments.
                  | (MR+) [Xom's grace]
 51361 | Zig:12   | Gained mutation: You have large cloven feet. [Xom's grace]
 51361 | Zig:12   | Gained mutation: You are somewhat resistant to further
                  | mutation. [Xom's grace]
 51363 | Zig:12   | XOM: confuse monster(s)
 51369 | Zig:12   | XOM: noise
 51398 | Zig:12   | Identified the Almanac of Cloudy Beguiling
 51408 | Zig:12   | Identified the ring "Widiruov" {rPois rN+ MP+9 Int+6} (You
                  | found it on level 12 of a ziggurat)
 51424 | Zig:12   | Learned a level 9 spell: Absolute Zero
 51425 | Zig:13   | Entered Level 13 of a ziggurat
 51434 | Zig:13   | Noticed an ancient lich
 51454 | Zig:13   | XOM: potion effect (stabbing)
 51462 | Zig:13   | Reached skill level 10 in Ice Magic
 51469 | Zig:13   | XOM: silly message
 51484 | Zig:13   | Killed an ancient lich
 51514 | Zig:13   | Identified the ring "Homuud" {rC++ Dex+4 SInv} (You found
                  | it on level 13 of a ziggurat)
 51537 | Zig:13   | Identified the Incunabulum of Enhancements
 51539 | Zig:13   | Identified the Collected Works on Sinister Magic and Fire
 51543 | Zig:14   | Entered Level 14 of a ziggurat
 51582 | Zig:14   | XOM: scenery: create altars
 51606 | Zig:14   | XOM: scenery: create altars
 51659 | Zig:14   | Identified the amulet of the Ban {Acrobat rElec rF- MR++}
                  | (You found it on level 14 of a ziggurat)
 51661 | Zig:15   | Entered Level 15 of a ziggurat
 51680 | Zig:15   | Noticed an orb of fire
 51683 | Zig:15   | XOM: scenery: create altars
 51687 | Zig:15   | XOM: fog
 51690 | Zig:15   | XOM: confuse monster(s)
 51700 | Zig:15   | Found the +3 crown of Dyrovepreva {rElec Int+2 SInv}
 51700 | Zig:15   | XOM: 1-stop teleportation journey
 51712 | Zig:15   | Identified Yziomos's Handbook of Stones
 51713 | Zig:15   | Identified the Reference Book on Earthen Conjuration
 51715 | Zig:15   | Identified the amulet "Qiynt" {Harm *Drain rN++ SInv} (You
                  | found it on level 15 of a ziggurat)
 51721 | Zig:16   | Entered Level 16 of a ziggurat
 51745 | Zig:16   | XOM: give mutation
 51745 | Zig:16   | Lost mutation: You are resistant to hostile enchantments.
                  | (MR+) [Xom's mischief]
 51806 | Zig:16   | Identified Niluonn's Guide on Evil Secrets and Stones
 51820 | Zig:16   | Identified the ring "Zann" {rF+ EV+3 Int-2 Stlth+} (You
                  | found it on level 16 of a ziggurat)
 51840 | Zig:17   | Entered Level 17 of a ziggurat
 51853 | Zig:17   | XOM: enchant monster (good)
 51869 | Zig:17   | XOM: snakes to sticks
 51873 | Zig:17   | XOM: 1-stop teleportation journey
 51881 | Zig:17   | XOM: potion effect (invisibility)
 51893 | Zig:17   | XOM: potion effect (haste)
 51897 | Zig:17   | XOM: enchant monster (good)
 51903 | Zig:17   | XOM: cast spell 'Summon Small Mammal'
 51917 | Zig:17   | XOM: silly message
 51966 | Zig:17   | XOM: 11-stop teleportation journey
 51976 | Zig:17   | Lost mutation: You have supernaturally acute eyesight.
                  | (SInv) [mutagenic glow]
 51976 | Zig:17   | Gained mutation: Scrolls take you a little longer to read.
                  | [mutagenic glow]
 51980 | Zig:18   | Entered Level 18 of a ziggurat
 51996 | Zig:18   | XOM: silly message
 52000 | Zig:18   | Reached skill level 15 in Ice Magic
 52006 | Zig:18   | XOM: destruction
 52014 | Zig:18   | XOM: summons 5 friendly demons
 52033 | Zig:18   | Gained mutation: You sometimes yell uncontrollably at your
                  | foes. [mutagenic glow]
 52167 | Zig:19   | Entered Level 19 of a ziggurat
 52176 | Zig:19   | XOM: summons 2 friendly demons
 52179 | Zig:19   | XOM: stat loss: -1 Dex (21/22)
 52196 | Zig:19   | XOM: 1-stop teleportation journey
 52207 | Zig:19   | Identified the ring of Kairouc {rElec rPois Int+4} (You
                  | found it on level 19 of a ziggurat)
 52208 | Zig:20   | Entered Level 20 of a ziggurat
 52222 | Zig:20   | XOM: potion effect (stabbing)
 52235 | Zig:20   | XOM: polymorph crocodile -> worm
 52242 | Zig:20   | XOM: polymorph worm -> wyvern
 52253 | Zig:20   | XOM: scenery: create altars
 52255 | Zig:20   | XOM: enchant monster (good)
 52256 | Zig:20   | XOM: summons friendly quasit
 52264 | Zig:20   | XOM: divine lightning
 52274 | Zig:20   | XOM: fog
 52287 | Zig:20   | XOM: noise
 52294 | Zig:20   | XOM: 1-stop teleportation journey
 52302 | Zig:20   | XOM: polymorph four-headed hydra -> tyrant leech
 52337 | Zig:20   | XOM: cast spell 'Summon Horrible Things'
 52418 | Zig:21   | Entered Level 21 of a ziggurat
 52455 | Zig:21   | XOM: summons friendly chaos spawn
 52476 | Zig:21   | XOM: polymorph deep elf mage -> fire crab
 52496 | Zig:21   | XOM: noise
 52499 | Zig:21   | XOM: polymorph deep elf master archer -> emperor scorpion
 52502 | Zig:21   | XOM: butterfly on damage
 52512 | Zig:21   | XOM: cleaving
 52525 | Zig:21   | XOM: polymorph sun demon -> soul eater
 52527 | Zig:21   | XOM: blink monster(s)
 52530 | Zig:21   | HP: 4/156 [deep elf high priest/divine providence (11)]
 52533 | Zig:21   | HP: 1/156 [deep elf mage/bolt of magma (3)]
 52534 | Zig:21   | Killed from afar by a deep elf high priest

Levels and vault maps discovered:
D:1:      ldierk_water_garden, layout_basic
D:2:      minmay_razor_zed, layout_basic, grunt_decor_fettered
D:3:      layout_rooms, serial_park_tiny_pond, uniq_robin
D:4:      layout_basic, amethyst_overflow_temple_binary,
          minmay_temple_entry_nine_rooms
D:5:      layout_gridville, grunt_qazlal_clouds,
          nemelex_xobeh_ov_fountains_minmay, first_ration
D:6:      layout_rooms, serial_shops, shop, uniq_edmund
D:7:      layout_loops_cross, uniq_duvessa, uniq_maggie
D:8:      layout_gridville, tso_metal_star, kennysheep_mini_moat,
          grunt_ogre_cave, doesnt_xom_only_xom, uniq_harold
D:9:      layout_gridville
D:10:     layout_irregular_city, lair_entry_dummy, uniq_sonja, uniq_psyche,
          uniq_joseph
D:11:     layout_cave_pools, erik_orc_4, trove_entry_hex_spiral,
          lemuel_mausoleum_altar_yredelemnul, uniq_nergalle
D:12:     argonaut_augean_stables, layout_basic, lightli_corner_chamber
D:13:     layout_rooms, chequers_serial_rivers_small_a, minmay_pinched_square
D:14:     layout_cave_pools, david_vaults_2, nicolae_ru_path_of_blood,
          uniq_snorg
D:15:     gammafunk_enter_depths_forms, layout_long_grid, minmay_misc_feat_x,
          david_greed
Lair:1:   beast_lair_carwin_large_1, layout_small_grid, wad_woods_river_01,
          infiniplex_staircase_pool_2
Lair:2:   layout_cave_pods, chequers_serial_rivers_small_3, uniq_gastronok
Lair:3:   layout_loops_ring, palyth_hydra_swamp_entry, spider_nest_entry_a,
          serial_bayou_pond_a
Lair:4:   gammafunk_mikee_crab_dinner, layout_hall_layers, grunt_megastairs_2,
          uniq_rupert
Lair:5:   layout_regular_city, zaba_anthell, grunt_megastairs_1
Lair:6:   cheibrodos_lair_end_hotspot, layout_loops_ring,
          dpeg_slime_entry_enclosed_altar, uniq_kirke
Swamp:1:  layout_basic_swamp, evilmike_swamp_ruin_house_2, uniq_nikola
Swamp:2:  layout_basic_swamp, nicolae_swamp_dense_foliage
Swamp:3:  layout_falls_marsh, nicolae_swamp_godswood, swamp_pool5,
          cheibrodos_swamp_pet_leeches
Swamp:4:  swamp_basic_johnstein, layout_basic_swamp
Spider:1: layout_spider_delve, gammafunk_ghost_necromancy,
          hangedman_spider_trapstep
Spider:2: layout_chambers, drop_trap, guppyfry_spider_mini_3
Spider:3: layout_spider_delve
Spider:4: johnstein_spider_rune_arachne_lair, nicolae_spider_webs_and_nodes
Slime:1:  layout_caves, cheibrodos_slime_lost_civilization_6
Slime:2:  layout_caves
Slime:3:  layout_caves, basic_altar
Slime:4:  layout_caves
Slime:5
Orc:1:    layout_diamond_mine, uniq_urug
Orc:2:    st_orc_mages, layout_caves
Elf:1:    elf_arrival_001, layout_geoelf_octagon, serial_shops, shop,
          kennysheep_underground_church, uniq_roxanne
Elf:2:    layout_geoelf_octagon, basic_altar, uniq_louise
Elf:3:    grunt_elf_hall_branching, layout_gridlike, serial_shops,
          nicolae_shop_overgrown_old_shop, basic_altar, grunt_ministairs_4,
          uniq_mara
Vaults:1: vaults_room_octagon, nicolae_vaults_diagonal_hallway_8,
          nicolae_vaults_what_the_h, nicolae_vaults_little_squares_2,
          nicolae_vaults_little_squares_1, vaults_dpeg_ring, st_spiral_rooms,
          nicolae_vaults_border_crossing, layout_vaults_omnigrid, serial_shops,
          nicolae_shop_trees, shop
Vaults:2: gammafunk_vaults_ghost_cemetery, nicolae_vaults_specimen_jars,
          v_misc_29, nicolae_vaults_bisected_slash, v_misc_32,
          ontoclasm_vaults_decontamination, ontoclasm_vaults_fault, st_diamondy,
          vaults_room_hallway, nicolae_vaults_theta, vaults_room_stairs_pillars,
          v_pattern_4, layout_vaults_omnicross
Vaults:3: v_alt_pattern_4, st_octagons_2, vaults_room_fours,
          grunt_vaults_twisty, nicolae_vaults_network_star,
          nicolae_vaults_little_squares_5, v_misc_16, hangedman_vaults_cutoff,
          ontoclasm_vaults_misaligned, minmay_crypt_entry_simple_walls,
          vaults_mumra_minichess, vaults_standard_mumra_x, v_misc_24,
          vaults_room_stairs_pillars, ontoclasm_vaults_gateway,
          layout_vaults_ring, basic_altar
Vaults:4: hangedman_vaults_pinch, vaults_room_grid, vaults_room_fancy_cross,
          st_star, nicolae_vaults_rhombus_6, vaults_mumra_lcd, v_misc_25,
          nicolae_vaults_shelves_hall, hangedman_vaults_corner_blocks,
          nicolae_vaults_little_squares_2, vaults_room_hallway,
          hangedman_vaults_river_flow, nicolae_vaults_three_branches,
          nicolae_vaults_mini_display_case, layout_vaults_maze_snakey,
          serial_glass
Vaults:5: serial_shops
Crypt:1:  layout_rooms, uniq_jory
Crypt:2:  layout_chaotic_city, tombwall_bobbens, grunt_megastairs_3
Crypt:3:  lightli_unholy_cathedral, layout_chaotic_city,
          tomb_entry_moat_badplayer, uniq_xtahua
Depths:1: layout_cross, hangedman_coc_ice_floe, hangedman_summoners_spam,
          uniq_saint_roka, uniq_bai_suzhen
Depths:2: cheibrodos_leafed_vault, layout_cave_pools,
          abyss_entry_small_statue_room, grunt_hell_horde,
          lightli_enter_wizlab_magi_temple, serial_bayou_shore_b,
          minmay_staircase_statues
Depths:3: minmay_gate_of_8, layout_gridlike, hell_entry, serial_shops, shop,
          pan_entry, minmay_misc_feat_room, abyss_entry, serial_bayou_shore_a,
          uniq_sojobo
Depths:4: hangedman_slaughterboxes, serial_shops, abyss_entry, hell_entry
Depths:5: grunt_zot_entry_funnels, layout_basic, corexii_hall_statues_i,
          hangedman_tar_grid_catacomb, abyss_entry
Hell
Dis:1:    layout_subdivisions, hangedman_dis_decor_blocks_talon,
          hangedman_player_shredder
Dis:2:    layout_regular_city
Dis:3:    layout_chaotic_city
Dis:4:    layout_regular_city, hangedman_dis_chains
Dis:5:    layout_subdivisions
Dis:6:    layout_subdivisions
Dis:7:    dis_st
Coc:1:    layout_cocytus_water_paths
Coc:2:    layout_ice_bergs
Coc:3:    layout_cocytus_water_paths
Coc:4:    layout_cocytus_water_paths
Coc:5:    layout_ice_bergs
Coc:6:    layout_cocytus_water_paths
Coc:7:    coc_mu
Tar:1:    layout_cathedral_of_symmetry
Tar:2:    regret_index_dithmenos_brocken_genspenst, layout_cathedral_of_symmetry
Tar:3:    layout_cathedral_of_symmetry, nicolae_tar_cuneiform_not,
          nicolae_tar_cuneiform_city
Tar:4:    layout_catacombs, nicolae_tar_cuneiform_bread
Zig:21

Skill      XL: |  1  2  3  4  5  6  7  8  9 10 11 12 13 14 15 16 17 18 19 20 21 22 23 24 25 26 27 |
---------------+----------------------------------------------------------------------------------+-----
Long Blades    | 3 4 5 6 8 13 | 13.8
Short Blades   | 2 3 |  3.2
Fighting       | 3 7 8 13 14 18 | 18.2
Dodging        | 3 5 10 12 | 12.8
Slings         | 6 9 12 14 | 14.0
Stealth        | 13 15 | 15.6
Translocations | 1 5 10 17 | 17.2
Shields        | 7 12 15 | 15.0
Armour         | 4 9 |  9.8
Evocations     | 3 4 |  4.1
Ice Magic      | 5 9 18 | 18.5
Spellcasting   | 10 11 20 | 20.2
Earth Magic    | 9 10 | 10.1
Summonings     | 9 10 16 | 16.0
Conjurations   | 8 11 15 | 15.7

Action                   |  1- 3 |  4- 6 |  7- 9 | 10-12 | 13-15 | 16-18 | 19-21 | 22-24 | 25-27 || total
-------------------------+-------+-------+-------+-------+-------+-------+-------+-------+-------++-------
Melee: Falchion          |    74 |    85 |    58 |    42 |    37 |       |       |       |       ||   296
       Bite              |    21 |    34 |    53 |   103 |   269 |   174 |   821 |  1220 |  2139 ||  4834
       Dagger            |       |    28 |    72 |   123 |   188 |     1 |    15 |     1 |       ||   428
       Scimitar          |       |       |       |       |   282 |   128 |  1229 |   464 |  1762 ||  3865
       Double sword      |       |       |       |       |       |   175 |    43 |       |       ||   218
       Long sword        |       |       |       |       |       |     4 |       |       |       ||     4
       Demon blade       |       |       |       |       |       |       |       |  1325 |  2118 ||  3443
       Kick              |       |       |       |       |       |       |       |       |     5 ||     5
 Fire: Fustibalus        |       |       |   134 |   347 |  1071 |   906 |   473 |   117 |       ||  3048
Throw: Throwing net      |       |       |       |     2 |     1 |       |       |     2 |       ||     5
       Dart              |       |       |       |       |     2 |       |       |       |       ||     2
 Cast: Blink             |       |       |       |       |     1 |    16 |       |    10 |    75 ||   102
       Shroud of Golubri |       |       |       |       |       |     1 |       |     2 |     7 ||    10
       Frozen Ramparts   |       |       |       |       |       |       |     1 |     4 |     1 ||     6
       Spectral Weapon   |       |       |       |       |       |       |       |     3 |     1 ||     4
       Passage of Golubr |       |       |       |       |       |       |       |     1 |    13 ||    14
       Ozocubu's Armour  |       |       |       |       |       |       |       |     1 |     8 ||     9
       Apportation       |       |       |       |       |       |       |       |       |    49 ||    49
       Malign Gateway    |       |       |       |       |       |       |       |       |   121 ||   121
       Spellforged Servi |       |       |       |       |       |       |       |       |    51 ||    51
       Summon Horrible T |       |       |       |       |       |       |       |       |    38 ||    38
       Irradiate         |       |       |       |       |       |       |       |       |    30 ||    30
       Controlled Blink  |       |       |       |       |       |       |       |       |     1 ||     1
 Abil: Evoke Berserk Rag |       |       |       |       |       |       |       |     2 |       ||     2
Evoke: Wand              |       |       |     2 |     2 |     2 |     9 |    11 |     1 |     2 ||    29
       Phantom mirror    |       |       |       |     1 |       |       |     1 |       |       ||     2
       Lightning rod     |       |       |       |       |     8 |    12 |       |     3 |     1 ||    24
       Staff of Wucad Mu |       |       |       |       |       |       |       |       |     2 ||     2
       Horn of Geryon    |       |       |       |       |       |       |       |       |     1 ||     1
  Use: Scroll            |       |     6 |    11 |     9 |    15 |    20 |    12 |    17 |    60 ||   150
       Potion            |       |       |     2 |     1 |       |     4 |     4 |     6 |     9 ||    26
 Stab: Sleeping          |     2 |       |       |       |    20 |     2 |     9 |    20 |    24 ||    77
       Paralysed         |       |     2 |     4 |       |       |       |     4 |     3 |     4 ||    17
       Confused          |       |     1 |       |     6 |     6 |    16 |    16 |    17 |    34 ||    96
       Petrified         |       |       |     6 |       |       |       |       |     1 |     7 ||    14
       Petrifying        |       |       |     1 |       |       |       |       |       |     3 ||     4
       Distracted        |       |       |       |     1 |     2 |     3 |     7 |     7 |    42 ||    62
       Held in net/web   |       |       |       |     1 |     1 |       |       |     1 |       ||     3
       Invisible         |       |       |       |       |     5 |       |    24 |    11 |    23 ||    63
       Betrayed ally     |       |       |       |       |       |       |       |     1 |       ||     1
  Eat: Chunk             |       |     1 |     8 |    13 |    19 |    13 |    11 |       |     3 ||    68
       Ration            |       |       |       |       |     3 |     3 |     4 |     9 |    38 ||    57
Armor: Leather armour    |    24 |    38 |    28 |       |       |    22 |   135 |   240 |   950 ||  1437
       Ring mail         |       |       |    35 |   101 |   176 |    87 |    43 |       |       ||   442
       Skin              |       |       |       |       |       |       |       |       |     2 ||     2
       Fire dragon scale |       |       |       |       |       |       |       |       |    32 ||    32
Dodge: Dodged            |    46 |    60 |    64 |   186 |   711 |   450 |   632 |   847 |  3675 ||  6671
       Repelled          |       |       |       |       |       |       |       |       |    28 ||    28
Block: Other             |       |       |    23 |    35 |   111 |       |       |       |       ||   169
       Buckler           |       |       |       |       |    76 |   126 |       |       |       ||   202
       Kite shield       |       |       |       |       |       |   457 |  1339 |  1562 |  4622 ||  7980
       Reflection        |       |       |       |       |       |    66 |    39 |    48 |       ||   153
       Rpst.: Falchion   |    18 |    10 |     9 |     9 |     6 |       |       |       |       ||    52
       Scimitar          |       |       |       |       |    63 |    28 |   101 |    32 |   285 ||   509
       Double sword      |       |       |       |       |       |    25 |     4 |       |       ||    29
       Long sword        |       |       |       |       |       |     2 |       |       |       ||     2
       Demon blade       |       |       |       |       |       |       |       |   118 |   323 ||   441

Table legend:
 A = Non-vault XP
 B = Vault XP
 C = Vault XP percentage of total XP
 D = Non-vault monster count
 E = Vault monster count
 F = Vault count percentage of total count
                 A         B        C        D         E       F
            +---------+---------+-------+---------+---------+-------
      Total | 1073504 |  871781 |  44.8 |    2248 |    1101 |  32.9
            +---------+---------+-------+---------+---------+-------
        D:1 |      34 |       0 |   0.0 |      18 |       0 |   0.0
        D:2 |     167 |      23 |  12.1 |      15 |       6 |  28.6
        D:3 |     141 |      36 |  20.3 |      23 |      13 |  36.1
        D:4 |     369 |       0 |   0.0 |      16 |       0 |   0.0
        D:5 |     467 |       0 |   0.0 |      20 |       0 |   0.0
        D:6 |    1041 |      61 |   5.5 |      25 |       1 |   3.8
        D:7 |     801 |     492 |  38.1 |       9 |       3 |  25.0
        D:8 |    2293 |    1119 |  32.8 |      17 |       2 |  10.5
        D:9 |    2399 |       0 |   0.0 |      20 |       0 |   0.0
       D:10 |    2068 |    1226 |  37.2 |      22 |       3 |  12.0
       D:11 |    5660 |    1915 |  25.3 |      52 |      27 |  34.2
       D:12 |    3390 |    3119 |  47.9 |      21 |      11 |  34.4
       D:13 |    7465 |    3170 |  29.8 |      37 |      12 |  24.5
       D:14 |    9905 |    2918 |  22.8 |      36 |       4 |  10.0
       D:15 |    4681 |    5500 |  54.0 |      13 |      14 |  51.9
     Lair:1 |    5778 |    2623 |  31.2 |      25 |      12 |  32.4
     Lair:2 |    2666 |       0 |   0.0 |       7 |       0 |   0.0
     Lair:3 |    4152 |    3231 |  43.8 |      13 |       9 |  40.9
     Lair:4 |     811 |    2650 |  76.6 |       5 |       1 |  16.7
     Lair:5 |    8208 |    7920 |  49.1 |      32 |      47 |  59.5
     Lair:6 |    8083 |   10394 |  56.3 |      25 |      30 |  54.5
    Swamp:1 |    6036 |       0 |   0.0 |      23 |       0 |   0.0
    Swamp:2 |    4896 |       0 |   0.0 |      23 |       0 |   0.0
    Swamp:3 |    6555 |       0 |   0.0 |      19 |       0 |   0.0
    Swamp:4 |    8478 |   23601 |  73.6 |      23 |      32 |  58.2
   Spider:1 |   23185 |    6864 |  22.8 |      76 |      17 |  18.3
   Spider:2 |   20292 |    1345 |   6.2 |      55 |       6 |   9.8
   Spider:3 |    9645 |       0 |   0.0 |      29 |       0 |   0.0
   Spider:4 |   16387 |   27825 |  62.9 |      46 |      46 |  50.0
    Slime:1 |   21613 |       0 |   0.0 |      36 |       0 |   0.0
    Slime:2 |   18787 |       0 |   0.0 |      36 |       0 |   0.0
    Slime:3 |   14419 |       0 |   0.0 |      17 |       0 |   0.0
    Slime:4 |   23563 |    2718 |  10.3 |      40 |       2 |   4.8
    Slime:5 |   10535 |   18819 |  64.1 |      14 |       6 |  30.0
      Orc:1 |    2962 |    2854 |  49.1 |      19 |       8 |  29.6
      Orc:2 |    1354 |    1887 |  58.2 |      15 |      30 |  66.7
      Elf:1 |    6841 |    3604 |  34.5 |       9 |       4 |  30.8
      Elf:2 |   17098 |   25272 |  59.6 |      29 |      29 |  50.0
      Elf:3 |   26016 |   46241 |  64.0 |      36 |      31 |  46.3
   Vaults:1 |   17657 |   29353 |  62.4 |      29 |      34 |  54.0
   Vaults:2 |   24403 |   16972 |  41.0 |      41 |      15 |  26.8
   Vaults:3 |   22923 |   40155 |  63.7 |      39 |      56 |  58.9
   Vaults:4 |   36329 |   18753 |  34.0 |      72 |      21 |  22.6
   Vaults:5 |   28633 |  123840 |  81.2 |      45 |      86 |  65.6
    Crypt:1 |    3187 |       0 |   0.0 |      10 |       0 |   0.0
    Crypt:2 |    6228 |    3024 |  32.7 |      11 |       2 |  15.4
    Crypt:3 |   11198 |   46927 |  80.7 |      18 |      43 |  70.5
   Depths:1 |   25715 |   12855 |  33.3 |      44 |      23 |  34.3
   Depths:2 |   37410 |   29469 |  44.1 |      47 |      35 |  42.7
   Depths:3 |   26942 |   28394 |  51.3 |      41 |      11 |  21.2
   Depths:4 |       0 |  113607 | 100.0 |       0 |      84 | 100.0
       Hell |   34084 |   24751 |  42.1 |      44 |      44 |  50.0
      Dis:1 |    7788 |   12581 |  61.8 |      33 |      11 |  25.0
      Dis:2 |    6657 |       0 |   0.0 |       8 |       0 |   0.0
      Dis:4 |     743 |       0 |   0.0 |       2 |       0 |   0.0
      Dis:5 |     800 |       0 |   0.0 |       2 |       0 |   0.0
      Dis:6 |    1690 |       0 |   0.0 |       6 |       0 |   0.0
      Dis:7 |   31539 |   35117 |  52.7 |      61 |      36 |  37.1
      Coc:1 |     281 |       0 |   0.0 |       4 |       0 |   0.0
      Coc:3 |    1348 |       0 |   0.0 |       6 |       0 |   0.0
      Coc:4 |     712 |       0 |   0.0 |       2 |       0 |   0.0
      Coc:5 |    7871 |       0 |   0.0 |      32 |       0 |   0.0
      Coc:7 |   70848 |   50079 |  41.4 |      85 |      83 |  49.4
      Tar:2 |    4485 |       0 |   0.0 |       9 |       0 |   0.0
      Tar:3 |    4506 |       0 |   0.0 |      23 |       0 |   0.0
      Tar:4 |    3479 |       0 |   0.0 |       2 |       0 |   0.0
    Abyss:1 |    1907 |       0 |   0.0 |       3 |       0 |   0.0
    Abyss:2 |    3596 |       0 |   0.0 |       5 |       0 |   0.0
    Abyss:3 |       0 |     818 | 100.0 |       0 |       5 | 100.0
    Abyss:4 |    4574 |    4003 |  46.7 |      11 |       2 |  15.4
        Pan |   76772 |   68408 |  47.1 |     102 |      95 |  48.2
      Zig:1 |    1927 |    1904 |  49.7 |       2 |       4 |  66.7
      Zig:2 |     414 |       0 |   0.0 |       6 |       0 |   0.0
      Zig:3 |    1048 |       0 |   0.0 |       7 |       0 |   0.0
      Zig:4 |     995 |       0 |   0.0 |       7 |       0 |   0.0
      Zig:5 |    8447 |    2066 |  19.7 |       6 |       4 |  40.0
      Zig:6 |    7885 |       0 |   0.0 |       8 |       0 |   0.0
      Zig:7 |    2566 |       0 |   0.0 |       5 |       0 |   0.0
      Zig:8 |    7846 |       0 |   0.0 |      13 |       0 |   0.0
      Zig:9 |   12723 |       0 |   0.0 |      12 |       0 |   0.0
     Zig:10 |    9956 |       0 |   0.0 |      14 |       0 |   0.0
     Zig:11 |    9964 |       0 |   0.0 |      17 |       0 |   0.0
     Zig:12 |   17986 |       0 |   0.0 |      19 |       0 |   0.0
     Zig:13 |   21340 |       0 |   0.0 |      24 |       0 |   0.0
     Zig:14 |   18485 |       0 |   0.0 |      35 |       0 |   0.0
     Zig:15 |    9484 |       0 |   0.0 |      19 |       0 |   0.0
     Zig:16 |   14449 |       0 |   0.0 |      36 |       0 |   0.0
     Zig:17 |   27953 |       0 |   0.0 |      41 |       0 |   0.0
     Zig:18 |   20246 |       0 |   0.0 |      36 |       0 |   0.0
     Zig:19 |    6340 |       0 |   0.0 |      11 |       0 |   0.0
     Zig:20 |   26978 |       0 |   0.0 |      62 |       0 |   0.0
     Zig:21 |   32926 |       0 |   0.0 |      35 |       0 |   0.0
     WizLab |       0 |    1278 | 100.0 |       0 |       1 | 100.0
            +---------+---------+-------+---------+---------+-------
